 Dungeon Crawl Stone Soup version 0.29.0-4-gdea44cf6ec (webtiles) character file.

Game seed: 5080815682670301915

245471 qw the Wrestler (level 19, -3/182 HPs)
             Began as a Troll Cinder Acolyte on Aug 31, 2022.
             Was a High Priest of Okawaru.
             Slain by a saltling (17 damage)
             ... in the Desolation of Salt.
             The game lasted 00:23:13 (32676 turns).

qw the Wrestler (Troll Cinder Acolyte)             Turns: 32676, Time: 00:23:13

Health: -3/182     AC: 28    Str: 39    XL:     19   Next: 17%
Magic:  25/25      EV: 23    Int:  6    God:    Okawaru [*****.]
Gold:   2732       SH: 22    Dex: 11    Spells: 20/20 levels left

rFire   . . .      SeeInvis +     - Unarmed
rCold   . . .      Faith    .   s - +0 tower shield {reflect}
rNeg    + . .      Spirit   .   r - +8 pearl dragon scales of the Grand Yeti {rN+ Regen+ Str+4 Dex+2}
rPois   +          Reflect  +   j - +0 hat of Vegeinef {rPois Str+3 Int-3 SInv}
rElec   +          Harm     .   a - +1 cloak of Starlight {*Dazzle EV+4 Stlth--}
rCorr   .          Rampage  .   (gloves unavailable)
Will    +....                   (boots unavailable)
Stlth   ..........              u - amulet of regeneration
HPRegen 2.80/turn               b - ring of the Hare {EV+8}
MPRegen 0.19/turn               z - +4 ring of slaying {mikee}

@: about to teleport, heroic
A: large, unfitting armour, claws 3, regeneration 1, shaggy fur 1, tough skin 1,
agile 1, electricity resistance
}: 1/15 runes: barnacled
a: Renounce Religion, Heroism, Finesse, Duel


You were in the Desolation of Salt.
You worshipped Okawaru.
Okawaru was extremely pleased with you.
You visited 6 branches of the dungeon, and saw 32 of its levels.
You visited the Abyss 3 times.
You also visited: Desolation.

You collected 4090 gold pieces.
You spent 1358 gold pieces at shops.


Innate Abilities, Weirdness & Mutations

You are too large for most types of armour.
You have claws for hands.
Your natural rate of healing is unusually fast.
You are covered in fur. (AC +1)
You have tough skin. (AC +1)
You are agile. (Dex +4, Str/Int -1)
You are resistant to electric shocks. (rElec)


   Skills:
 - Level 10.1(15.1) Fighting
 - Level 9.0(14.0) Throwing
 - Level 7.0(12.0) Armour
 - Level 5.0(10.0) Dodging
 - Level 18.0(23.0) Shields
 + Level 21.6(26.6) Unarmed Combat
 - Level 1.0 Spellcasting
 - Level 2.1 Fire Magic
 - Level 10.0 Invocations


You had 20 spell levels left.
You didn't know any spells.
Your spell library contained the following spells:

 Spells                   Type           Power      Damage    Failure   Level
 Scorch                   Fire           4%         2d5       54%         2

Inventory:

Missiles
 g - 21 javelins
 m - 37 large rocks (quivered)
 t - 2 silver javelins
Armour
 a - the +1 cloak of Starlight (worn) {*Dazzle EV+4 Stlth--}
   (You acquired it on level 7 of the Dungeon)

   It may blind those who miss an attack against the wearer in melee combat.
   EV:        It affects your evasion (+4).
   Stlth:     It makes you much less stealthy.
 j - the +0 hat of Vegeinef (worn) {rPois Str+3 Int-3 SInv}
   (Okawaru gifted it to you on level 1 of the Vaults)

   Str:       It affects your strength (+3).
   Int:       It affects your intelligence (-3).
   rPois:     It protects you from poison.
   SInv:      It lets you see invisible.
 n - a +2 kite shield of fire resistance
 r - the +8 pearl dragon scales of the Grand Yeti (worn) {rN+ Regen+ Str+4 Dex+2}
   (You found it on level 5 of the Lair of Beasts)

   Str:       It affects your strength (+4).
   Dex:       It affects your dexterity (+2).
   rN:        It protects you from negative energy.
   Regen:     It increases your rate of health regeneration.
 s - a +0 tower shield of reflection (worn)
 w - a scarf of resistance
Jewellery
 b - the ring of the Hare (left claw) {EV+8}
   (You took it off an orc wizard on level 11 of the Dungeon)

   [ring of evasion]

   EV:        It affects your evasion (+8).
 o - a ring of poison resistance
 u - an amulet of regeneration (around neck)
 z - a +4 ring of slaying (right claw) {mikee}
 Y - a ring of protection from fire
Scrolls
 c - 23 scrolls of identify
 h - 12 scrolls of enchant weapon
 p - 12 scrolls of teleportation
 y - 2 scrolls of enchant armour
Potions
 d - 5 potions of mutation
 e - a potion of resistance
 f - 11 potions of heal wounds
 i - 5 potions of might
 k - 5 potions of haste
 l - 11 potions of curing

Dungeon Overview and Level Annotations

Branches:
Dungeon (15/15)            Temple (0/1) D:5            Lair (5/5) D:10
 Shoals (4/4) Lair:3        Snake (3/4) Lair:3        Slime (0/5) Lair:5
    Orc (2/2) D:10            Elf (0/3) Orc:2        Vaults (3/5) D:13
 Depths (0/4) D:15        Desolation (1/1)
  Crypt: Vaults:2-3

Altars:
Ashenzari
Fedhas
Gozag
Hepliaklqana
Kikubaaqudgha
Makhleb
Nemelex Xobeh
Okawaru
Qazlal
Ru
Sif Muna
Trog
Uskayaw
Wu Jian
Xom
Yredelemnul
Jiyva

Shops:
D:1 [   D:6 *(*:*   D:7 =   D:14 [   Orc:2 ??:[:   Shoals:2 [   Shoals:4 (
Vaults:1 =

Portals:
Pandemonium: Orc:2

Annotations:
Lair:4 2 transporters, qw's ghost, journeyman TrCA
Shoals:4 Kirke


Message History

The saltling blinks!
The ragged hierophant blinks!
You block the saltling's attack.
You eviscerate the ragged hierophant!!!!
You kill the ragged hierophant!
Okawaru accepts your kill. You block the peacekeeper's attack.
The peacekeeper claws you but does no damage.
You block the saltling's attack. The saltling hits you!!
The ragged hierophant misses you.
You block the ragged hierophant's attack.
You block the saltling's attack.
You mangle the ragged hierophant!!
The ragged hierophant is moderately wounded.
You block the peacekeeper's attack. The peacekeeper claws you!
You block the saltling's attack. The saltling completely misses you.
You block the saltling's attack.
The guardian serpent casts a spell at you.
The saltling blinks!
The peacekeeper roars a battlecry!
The peacekeeper goes into a battle-frenzy!
You eviscerate the ragged hierophant!!!
The ragged hierophant is severely wounded.
You hear a shout!
You block the peacekeeper's attack. x2; You block the saltling's attack.
The ragged hierophant hits you with a +0 short sword.
You block the ragged hierophant's attack.
The saltling hits you!
32676 ||| READING 13 scrolls of teleportation.
As you read the scroll of teleportation, it crumbles to dust.
You feel strangely unstable.
The saltling no longer looks unusually strong.
The peacekeeper roars a battlecry!
The saltling goes into a battle-frenzy!
The saltling barely misses you. You block the saltling's attack.
The saltling hits you!! You block the peacekeeper's attack.
The peacekeeper claws you but does no damage.
You block the saltling's attack.
The ragged hierophant closely misses you.
The saltling hits you!
You die...

...¤¤¤¤¤¤¤..........¤¤¤¤¤
...¤.¤¤¤¤¤.......7¤¤¤¤¤¤¤
...¤¤¤.¤¤.........¤.¤¤.¤¤
...¤¤¤¤¤¤¤......¤.¤¤¤¤..¤
....¤¤¤¤¤¤........¤¤¤¤¤¤¤¤
....¤¤¤..¤........¤¤¤¤¤.¤¤
....¤...¤¤¤....999¤¤¤.¤¤¤
....¤¤...¤¤...9a99S¤¤¤¤¤¤
..#¤....¤¤¤...99@99¤¤¤¤¤.
¤¤...........a99..¤¤¤¤.
.......¤............¤¤.
.........##............
........###...........
....................#..
.....................#.
......................
...................


You could see 2 ragged hierophants, 3 peacekeepers, a guardian serpent and 9
saltlings.

Vanquished Creatures
  Nikola (Shoals:3)
  Asterion (Snake:2)
  A lich (Abyss:2)
  Jorgrun (D:15)
  Polyphemus (Shoals:3)
  A sphinx (Vaults:3)
  Roxanne (Snake:2)
  Ilsuiw (Shoals:2)
  A nagaraja (Snake:3)
  2 orc warlords (Orc:1)
  5 vault wardens
  12 ironbound preservers
  4 very ugly things (Vaults:1)
  4 ironbound thunderhulks
  Azrael (D:15)
  2 entropy weavers (Vaults:3)
  3 merfolk javelineers
  2 yaktaur captains (Vaults:1)
  10 merfolk impalers
  2 ragged hierophants (Desolation)
  A servant of whispers (Desolation)
  8 vault guards
  Harold (D:9)
  7 great orbs of eyes
  A rakshasa (D:15)
  6 boulder beetles
  An ogre mage (D:15)
  4 hydras
  3 anacondas
  2 catoblepae
  7 merfolk aquamancers
  2 ironbound frosthearts
  2 satyrs (Shoals:2)
  3 centaur warriors
  3 two-headed ogres
  An alligator snapping turtle (Shoals:4)
  7 naga warriors
  2 merfolk avatars
  A deep troll shaman (Lair:5)
  A tengu warrior (D:15)
  A vampire mage (D:15)
  5 naga sharpshooters
  4 shock serpents
  3 thrashing horrors
  5 orc high priests (Orc:2)
  9 death yaks
  2 soul eaters
  Nergalle (D:10)
  2 skeletal warriors (D:15)
  A salamander mystic (Snake:3)
  A storm dragon skeleton (Vaults:3)
  A wretched star (Abyss:2)
  23 deep trolls
  A shadow wraith (Vaults:1)
  12 sea snakes
  A tengu zombie (D:15)
  9 orc knights
  8 lindwurms
  6 wizards
  13 harpies
  8 mana vipers
  3 necromancers
  A deep elf pyromancer (D:12)
  2 naga ritualists
  Pikel (D:5)
  8 ironbound convokers
  A harpy (shapeshifter) (D:15)
  2 stone giant zombies
  3 large abominations
  10 ugly things
  6 salamanders
  6 orc sorcerers (Orc:2)
  16 vault sentinels
  25 fauns
  9 cyclopes
  3 guardian serpents
  A human skeleton (Vaults:3)
  8 manticores
  8 starcursed masses (Abyss:2)
  10 merfolk sirens
  11 naga magi
  8 elephants (Lair:5)
  3 water nymphs
  32 black mambas
  13 cane toads
  An orange demon (D:9)
  2 kobold demonologists (D:10)
  A cane toad (shapeshifter) (D:15)
  2 gargoyles (D:12)
  12 yaktaurs
  2 freezing wraiths
  6 rime drakes
  2 ancient zymes (Abyss:2)
  13 komodo dragons
  2 ice devils
  A hellwing (D:9)
  A yaktaur skeleton (Vaults:3)
  A queen bee (Lair:4)
  A red devil (D:9)
  An elf skeleton (Vaults:3)
  7 trolls
  5 polar bears
  39 merfolk
  3 meliai (Lair:4)
  6 saltlings (Desolation)
  A hornet (D:11)
  4 wind drakes
  4 raiju (Abyss:2)
  7 blink frogs
  9 snapping turtles
  25 slime creatures
  3 centaur simulacra
  6 flying skulls (Abyss:2)
  A spriggan zombie (D:15)
  An ettin zombie (D:15)
  18 water elementals
  2 vampires
  3 wraiths
  48 yaks
  15 fire elementals
  A hog (shapeshifter) (Abyss:2)
  20 humans (D:13)
  3 shadows (D:10)
  6 basilisks
  2 wyverns
  5 hogs (Shoals:4)
  3 redbacks (Vaults:3)
  A warg (Orc:1)
  4 vampire mosquitoes
  A neqoxec (Abyss:2)
  28 nagas
  3 acid dragons
  A hell hound (D:15)
  13 water moccasins
  A meliai simulacrum (D:11)
  42 orc warriors
  8 ice beasts
  A human zombie (Vaults:3)
  3 black bears
  8 ogres
  23 wolves
  13 centaurs
  2 small abominations (Abyss:2)
  12 bullfrogs
  5 kobold brigands
  A gnoll sergeant (D:10)
  A necrophage (D:7)
  2 scorpions
  3 troll zombies (D:10)
  47 killer bees
  4 electric eels
  4 howler monkeys
  A quasit (Abyss:2)
  4 hounds
  3 jellies (D:14)
  26 orc priests
  An iron imp (Abyss:2)
  3 iguanas
  20 orc wizards
  5 ogre zombies (D:10)
  8 adders
  12 gnolls
  4 white imps
  4 ufetubi
  3 worms
  4 dart slugs
  93 orcs
  5 ball pythons
  5 endoplasms
  A giant cockroach (D:2)
  8 goblins
  10 hobgoblins
  12 kobolds
  3 quokkas
  4 bats
  2 frilled lizards
  2 goblin zombies (D:10)
  6 hobgoblin zombies (D:10)
  3 orc skeletons (D:10)
  14 orc zombies (D:10)
  4 rats
1221 creatures vanquished.

Vanquished Creatures (others)
  An ironbound preserver (Vaults:3)
  36 fungi
  62 plants
  4 withered plants (D:15)
103 creatures vanquished.

Grand Total: 1324 creatures vanquished

Notes
Turn   | Place    | Note
-------+----------+-------------------------------------------
     0 | D:1      | qw the Troll Cinder Acolyte began the quest for the Orb.
     0 | D:1      | Reached XP level 1. HP: 22/22 MP: 1/1
     0 | D:1      | 0 ||| qw: Version: 0.1-a-97-g2dd2ca4
     0 | D:1      | 0 ||| qw: Game counter: 4624
     0 | D:1      | 0 ||| qw: Always use a shield: true
     0 | D:1      | 0 ||| qw: God list: Okawaru
     0 | D:1      | 0 ||| qw: Allow faded altars: false
     0 | D:1      | 0 ||| qw: Do Orc after D:15 true
     0 | D:1      | 0 ||| qw: Do second Lair branch before Depths: true
     0 | D:1      | 0 ||| qw: Lair rune preference: random
     0 | D:1      | 0 ||| qw: Plans: Normal
     0 | D:1      | 0 ||| PLANNING D:1-11
    55 | D:1      | 55 ||| Stepping ~*~*~tactically~*~*~ (stealth).
   100 | D:1      | Found Myna's Antique Armour Shoppe.
   108 | D:1      | 108 ||| SHOPLISTING glowing robe (74 gold, have 27).
   108 | D:1      | 108 ||| SHOPLISTING runed robe (74 gold, have 27).
   108 | D:1      | 108 ||| SHOPLISTING runed scarf (160 gold, have 27).
   247 | D:1      | Reached XP level 2. HP: 29/29 MP: 2/2
   248 | D:1      | 248 ||| Stepping ~*~*~tactically~*~*~ (hiding).
   252 | D:1      | 252 ||| Stepping ~*~*~tactically~*~*~ (outnumbered).
   253 | D:1      | 253 ||| Stepping ~*~*~tactically~*~*~ (hiding).
   552 | D:1      | 552 ||| UPGRADING to +0 cloak.
   557 | D:1      | 557 ||| READING 2 scrolls labelled IRAUM SUERCH.
   558 | D:1      | 558 ||| READING scroll labelled ROUXAOCEOLL.
   659 | D:1      | 659 ||| READING scroll labelled EZIEZETAIMI.
   660 | D:1      | 660 ||| READING scroll labelled OCAPRE WIYHEEC.
   661 | D:1      | 661 ||| READING scroll labelled REGUQEU ATTEOCK.
   662 | D:1      | 662 ||| READING scroll labelled UDIAKI TEENNUWK.
   663 | D:1      | 663 ||| DRINKING 2 brown potions.
   767 | D:1      | 767 ||| DROPPING scroll of noise.
   768 | D:1      | 768 ||| DROPPING potion of berserk rage.
   776 | D:2      | 776 ||| Stepping randomly (stuck).
   777 | D:2      | 777 ||| Stepping randomly (stuck).
   778 | D:2      | 778 ||| Stepping randomly (stuck).
   779 | D:2      | 779 ||| Stepping randomly (stuck).
   786 | D:2      | 786 ||| Stepping ~*~*~tactically~*~*~ (outnumbered).
   874 | D:2      | Reached skill level 4 in Unarmed Combat
   891 | D:2      | Reached skill level 1 in Throwing
   891 | D:2      | Reached XP level 3. HP: 29/36 MP: 3/3
  1100 | D:2      | 1100 ||| Stepping ~*~*~tactically~*~*~ (stealth).
  1126 | D:2      | 1126 ||| Stepping ~*~*~tactically~*~*~ (hiding).
  1510 | D:2      | 1510 ||| Stepping randomly (stuck).
  1661 | D:3      | Identified the +9 dagger of Disintegration {freeze, *Rage
                  | MP+9 Str+7 Int-4}
  1707 | D:3      | Reached XP level 4. HP: 42/44 MP: 4/4
  1720 | D:3      | 1720 ||| FLEEEEING.
  1726 | D:3      | 1726 ||| FLEEEEING.
  1730 | D:3      | 1730 ||| FLEEEEING.
  1883 | D:3      | 1883 ||| Stepping ~*~*~tactically~*~*~ (stealth).
  1885 | D:3      | 1885 ||| Stepping ~*~*~tactically~*~*~ (hiding).
  1887 | D:3      | 1887 ||| Stepping ~*~*~tactically~*~*~ (hiding).
  1964 | D:3      | 1964 ||| Stepping ~*~*~tactically~*~*~ (stealth).
  1971 | D:3      | Reached skill level 5 in Unarmed Combat
  2023 | D:3      | 2023 ||| INVOKING Fiery Armour.
  2028 | D:3      | Reached XP level 5. HP: 50/50 MP: 5/5
  2029 | D:3      | 2029 ||| Stepping ~*~*~tactically~*~*~ (outnumbered).
  2030 | D:3      | 2030 ||| Stepping ~*~*~tactically~*~*~ (outnumbered).
  2038 | D:3      | Reached skill level 6 in Unarmed Combat
  2414 | D:3      | 2414 ||| READING scroll labelled TUT PUAROKH.
  2415 | D:3      | 2415 ||| READING scroll labelled LIATZE OSMEO.
  2416 | D:3      | 2416 ||| READING 4 scrolls of identify.
  2416 | D:3      | 2416 ||| IDENTIFYING bubbling white potion
  2417 | D:3      | 2417 ||| READING 3 scrolls of identify.
  2417 | D:3      | 2417 ||| IDENTIFYING fizzy dark potion
  2418 | D:3      | 2418 ||| READING 2 scrolls of identify.
  2418 | D:3      | 2418 ||| IDENTIFYING cyan potion
  2419 | D:3      | 2419 ||| DROPPING potion of flight.
  2420 | D:3      | 2420 ||| Stepping randomly (stuck).
  2421 | D:3      | 2421 ||| Stepping ~*~*~tactically~*~*~ (cloud).
  2467 | D:2      | 2467 ||| Stepping randomly (stuck).
  2620 | D:3      | 2620 ||| Stepping randomly (stuck).
  2703 | D:2      | 2703 ||| Stepping ~*~*~tactically~*~*~ (stealth).
  2840 | D:2      | 2840 ||| READING scroll labelled ZIMPUMP FOMM.
  2863 | D:4      | 2863 ||| STAIRDANCE
  2870 | D:4      | 2870 ||| STAIRDANCE
  2880 | D:3      | Reached XP level 6. HP: 50/59 MP: 6/6
  2904 | D:4      | Found a hide-covered altar of Uskayaw.
  2972 | D:4      | 2972 ||| Stepping ~*~*~tactically~*~*~ (hiding).
  3131 | D:4      | 3131 ||| Stepping ~*~*~tactically~*~*~ (hiding).
  3132 | D:4      | 3132 ||| Stepping ~*~*~tactically~*~*~ (hiding).
  3152 | D:4      | Reached skill level 7 in Unarmed Combat
  3280 | D:4      | 3280 ||| Stepping ~*~*~tactically~*~*~ (outnumbered).
  3281 | D:4      | 3281 ||| Stepping ~*~*~tactically~*~*~ (outnumbered).
  3282 | D:4      | 3282 ||| Stepping ~*~*~tactically~*~*~ (outnumbered).
  3308 | D:4      | 3308 ||| Stepping ~*~*~tactically~*~*~ (outnumbered).
  3316 | D:4      | 3316 ||| Stepping ~*~*~tactically~*~*~ (outnumbered).
  3321 | D:4      | 3321 ||| FLEEEEING.
  3324 | D:4      | 3324 ||| FLEEEEING.
  3325 | D:4      | 3325 ||| FLEEEEING.
  3326 | D:4      | 3326 ||| FLEEEEING.
  3327 | D:4      | 3327 ||| FLEEEEING.
  3328 | D:4      | 3328 ||| FLEEEEING.
  3329 | D:4      | 3329 ||| FLEEEEING.
  3330 | D:4      | 3330 ||| FLEEEEING.
  3332 | D:4      | 3332 ||| STAIRDANCE
  3353 | D:4      | 3353 ||| STAIRDANCE
  3361 | D:4      | 3361 ||| STAIRDANCE
  3397 | D:4      | Found an ancient bone altar of Kikubaaqudgha.
  3563 | D:4      | 3563 ||| READING scroll labelled ZEANIY SAGEY.
  3564 | D:4      | 3564 ||| DRINKING 2 dark potions.
  3569 | D:5      | Entered Level 5 of the Dungeon
  3587 | D:5      | 3587 ||| Stepping ~*~*~tactically~*~*~ (hiding).
  3589 | D:5      | 3589 ||| Stepping ~*~*~tactically~*~*~ (hiding).
  3634 | D:5      | 3634 ||| Stepping ~*~*~tactically~*~*~ (stealth).
  3656 | D:5      | Found an opulent altar of Gozag.
  3765 | D:5      | 3765 ||| Stepping ~*~*~tactically~*~*~ (stealth).
  3766 | D:5      | 3766 ||| Stepping ~*~*~tactically~*~*~ (stealth).
  3823 | D:5      | Reached XP level 7. HP: 66/66 MP: 7/7
  3937 | D:5      | Reached skill level 8 in Unarmed Combat
  3939 | D:5      | Found a staircase to the Ecumenical Temple.
  3942 | D:5      | Identified the +0 ring mail "Suntaczi" {rN+ Will+ Str-3}
  4078 | D:5      | 4078 ||| Stepping ~*~*~tactically~*~*~ (stealth).
  4079 | D:5      | 4079 ||| Stepping ~*~*~tactically~*~*~ (stealth).
  4110 | D:5      | Noticed Pikel
  4113 | D:5      | 4113 ||| Stepping ~*~*~tactically~*~*~ (stealth).
  4128 | D:5      | Killed Pikel
  4292 | D:5      | 4292 ||| READING 2 scrolls labelled ADUOFEISCHA.
  4293 | D:5      | 4293 ||| READING scroll labelled FAUGOYCOSK.
  4293 | D:5      | Identified a scroll of acquirement
  4293 | D:5      | 4293 ||| ACQUIRING +3 robe of the Shining One's Envy {*Slow
                  | Int+4 Slay+4}
  4293 | D:5      | Acquired the +3 robe of the Shining One's Envy {*Slow Int+4
                  | Slay+4}
  4295 | D:5      | 4295 ||| UPGRADING to +3 robe of the Shining One's Envy
                  | {*Slow Int+4 Slay+4}.
  4305 | D:5      | 4305 ||| DROPPING +0 robe.
  4306 | D:5      | 4306 ||| DRINKING 2 blue potions.
  4306 | D:5      | Gained mutation: You are agile. (Dex +4, Str/Int -1)
                  | [potion of mutation]
  4306 | D:5      | Gained mutation: You are resistant to electric shocks.
                  | (rElec) [potion of mutation]
  4307 | D:5      | 4307 ||| READING 4 scrolls of identify.
  4307 | D:5      | 4307 ||| IDENTIFYING murky red potion
  4308 | D:5      | 4308 ||| READING 3 scrolls of identify.
  4308 | D:5      | 4308 ||| IDENTIFYING pink potion
  4309 | D:5      | 4309 ||| DROPPING potion of invisibility.
  4310 | D:5      | 4310 ||| DROPPING scroll of butterflies.
  4347 | D:6      | 4347 ||| Stepping ~*~*~tactically~*~*~ (hiding).
  4348 | D:6      | 4348 ||| Stepping ~*~*~tactically~*~*~ (hiding).
  4356 | D:6      | Reached skill level 1 in Dodging
  4356 | D:6      | Reached XP level 8. HP: 63/80 MP: 8/8
  4361 | D:6      | Found Madir's Book Shop.
  4375 | D:6      | 4375 ||| FLEEEEING.
  4376 | D:6      | 4376 ||| FLEEEEING.
  4377 | D:6      | 4377 ||| FLEEEEING.
  4378 | D:6      | 4378 ||| FLEEEEING.
  4379 | D:6      | 4379 ||| FLEEEEING.
  4380 | D:6      | 4380 ||| STAIRDANCE
  4460 | D:6      | Found Veptib's General Store.
  4475 | D:6      | Reached skill level 9 in Unarmed Combat
  4477 | D:6      | 4477 ||| BUYING scroll of identify (24 gold).
  4477 | D:6      | Bought a scroll of identify for 24 gold pieces
  4513 | D:6      | Found Uckinouk's Weapon Shoppe.
  4559 | D:6      | Found Cuechoe's General Store.
  4567 | D:6      | 4567 ||| BUYING 2 potions of heal wounds (150 gold).
  4567 | D:6      | Bought 2 potions of heal wounds for 150 gold pieces
  4567 | D:6      | 4567 ||| SHOPLISTING 2 scrolls of enchant armour (225 gold,
                  | have 162).
  4567 | D:6      | 4567 ||| BUYING potion of curing (45 gold).
  4567 | D:6      | Bought a potion of curing for 45 gold pieces
  4567 | D:6      | 4567 ||| BUYING scroll of identify (30 gold).
  4567 | D:6      | Bought a scroll of identify for 30 gold pieces
  4567 | D:6      | 4567 ||| BUYING scroll of identify (30 gold).
  4567 | D:6      | Bought a scroll of identify for 30 gold pieces
  4567 | D:6      | 4567 ||| BUYING scroll of identify (30 gold).
  4567 | D:6      | Bought a scroll of identify for 30 gold pieces
  4590 | D:6      | Noticed a cyclops
  4592 | D:6      | 4592 ||| Stepping ~*~*~tactically~*~*~ (stealth).
  4593 | D:6      | 4593 ||| Stepping ~*~*~tactically~*~*~ (stealth).
  4598 | D:6      | Killed a cyclops
  4679 | D:6      | 4679 ||| Stepping ~*~*~tactically~*~*~ (stealth).
  4729 | D:6      | Found an ornate altar of the Wu Jian Council.
  4732 | D:6      | Found a basalt altar of Yredelemnul.
  4778 | D:6      | Found Lirheus's Assorted Antiques.
  4787 | D:6      | 4787 ||| SHOPLISTING peridot ring (150 gold, have 44).
  4787 | D:6      | 4787 ||| BUYING red potion (27 gold).
  4787 | D:6      | Bought a red potion for 27 gold pieces
  4787 | D:6      | 4787 ||| SHOPLISTING scroll labelled YXZELI JUEDD (30 gold,
                  | have 17).
  4810 | D:6      | Found a hazy altar of Hepliaklqana.
  4876 | D:6      | Reached XP level 9. HP: 88/88 MP: 9/9
  4921 | D:6      | 4921 ||| READING 2 scrolls labelled GETETA YQORPHIPI.
  4924 | D:6      | 4924 ||| READING 7 scrolls of identify.
  4924 | D:6      | 4924 ||| IDENTIFYING red potion
  4925 | D:6      | 4925 ||| DROPPING potion of lignification.
  4933 | D:7      | Found a blossoming altar of Fedhas.
  5023 | D:7      | 5023 ||| Stepping ~*~*~tactically~*~*~ (hiding).
  5126 | D:7      | 5126 ||| Stepping ~*~*~tactically~*~*~ (hiding).
  5133 | D:7      | 5133 ||| Stepping ~*~*~tactically~*~*~ (stealth).
  5160 | D:7      | 5160 ||| READING scroll of acquirement.
  5160 | D:7      | 5160 ||| ACQUIRING +1 cloak of Starlight {*Dazzle EV+4
                  | Stlth--}
  5160 | D:7      | Acquired the +1 cloak of Starlight {*Dazzle EV+4 Stlth--}
  5160 | D:7      | Found the +1 cloak of Starlight {*Dazzle EV+4 Stlth--}
  5162 | D:7      | 5162 ||| UPGRADING to +1 cloak of Starlight {*Dazzle EV+4
                  | Stlth--}.
  5167 | D:7      | 5167 ||| UPGRADING to +1 cloak of Starlight {*Dazzle EV+4
                  | Stlth--}.
  5172 | D:7      | 5172 ||| UPGRADING to +1 cloak of Starlight {*Dazzle EV+4
                  | Stlth--}.
  5182 | D:7      | 5182 ||| DROPPING +0 cloak.
  5264 | D:7      | Found Ariloshrolypt's Jewellery Boutique.
  5272 | D:7      | 5272 ||| SHOPLISTING +4 ring of protection (468 gold, have
                  | 48).
  5272 | D:7      | 5272 ||| SHOPLISTING amulet "Othinut" {Spirit -Cast rN++
                  | Dex-3 Stlth+} (481 gold, have 48).
  5272 | D:7      | 5272 ||| SHOPLISTING amulet of guardian spirit (390 gold,
                  | have 48).
  5272 | D:7      | 5272 ||| SHOPLISTING amulet of regeneration (390 gold, have
                  | 48).
  5272 | D:7      | 5272 ||| SHOPLISTING ring "Nacw" {rN+ rCorr} (423 gold,
                  | have 48).
  5272 | D:7      | 5272 ||| SHOPLISTING ring of fire (325 gold, have 48).
  5282 | D:7      | Reached skill level 10 in Unarmed Combat
  5308 | D:7      | 5308 ||| Stepping ~*~*~tactically~*~*~ (stealth).
  5310 | D:7      | 5310 ||| Stepping ~*~*~tactically~*~*~ (stealth).
  5336 | D:7      | 5336 ||| Stepping ~*~*~tactically~*~*~ (stealth).
  5555 | D:7      | 5555 ||| INVOKING Fiery Armour.
  5564 | D:7      | 5564 ||| Stepping ~*~*~tactically~*~*~ (outnumbered).
  5565 | D:7      | 5565 ||| Stepping ~*~*~tactically~*~*~ (outnumbered).
  5566 | D:7      | 5566 ||| Stepping ~*~*~tactically~*~*~ (outnumbered).
  5567 | D:7      | 5567 ||| Stepping ~*~*~tactically~*~*~ (outnumbered).
  5568 | D:7      | 5568 ||| Stepping ~*~*~tactically~*~*~ (outnumbered).
  5647 | D:8      | 5647 ||| STAIRDANCE
  5654 | D:8      | 5654 ||| STAIRDANCE
  5661 | D:7      | Reached skill level 11 in Unarmed Combat
  5713 | D:8      | 5713 ||| Stepping ~*~*~tactically~*~*~ (stealth).
  5860 | D:8      | Found an iron altar of Okawaru.
  5863 | D:8      | Found a shimmering blue altar of Sif Muna.
  5866 | D:8      | Found a stormy altar of Qazlal.
  5869 | D:8      | Found a burning altar of Makhleb.
  6272 | D:8      | Found a shimmering altar of Xom.
  6272 | D:8      | Found a bloodstained altar of Trog.
  6279 | D:8      | Found a broken altar of Ashenzari.
  6282 | D:8      | Found a faded altar of an unknown god.
  6284 | D:8      | Found a faded altar of an unknown god.
  6341 | D:8      | 6341 ||| READING 2 scrolls labelled JUYGHO NUVY.
  6342 | D:8      | 6342 ||| READING 7 scrolls of identify.
  6342 | D:8      | 6342 ||| IDENTIFYING sapphire potion
  6343 | D:8      | 6343 ||| READING 6 scrolls of identify.
  6343 | D:8      | 6343 ||| IDENTIFYING white potion
  6344 | D:8      | 6344 ||| DROPPING potion of brilliance.
  6345 | D:8      | 6345 ||| DROPPING potion of attraction.
  6346 | D:8      | 6346 ||| DROPPING scroll of amnesia.
  6389 | D:9      | Noticed Harold
  6395 | D:9      | Killed Harold
  6396 | D:9      | Reached skill level 12 in Unarmed Combat
  6405 | D:9      | 6405 ||| FLEEEEING.
  6408 | D:9      | 6408 ||| FLEEEEING.
  6409 | D:9      | 6409 ||| FLEEEEING.
  6410 | D:9      | 6410 ||| FLEEEEING.
  6411 | D:9      | 6411 ||| FLEEEEING.
  6412 | D:9      | 6412 ||| FLEEEEING.
  6413 | D:9      | 6413 ||| FLEEEEING.
  6414 | D:9      | 6414 ||| FLEEEEING.
  6415 | D:9      | 6415 ||| FLEEEEING.
  6416 | D:9      | 6416 ||| STAIRDANCE
  6520 | D:9      | 6520 ||| STAIRDANCE
  6524 | D:8      | Reached XP level 10. HP: 83/96 MP: 10/10
  6538 | D:9      | 6538 ||| STAIRDANCE
  6540 | D:8      | 6540 ||| Stepping ~*~*~tactically~*~*~ (outnumbered).
  6541 | D:8      | 6541 ||| Stepping ~*~*~tactically~*~*~ (outnumbered).
  6542 | D:8      | 6542 ||| Stepping ~*~*~tactically~*~*~ (outnumbered).
  6543 | D:8      | 6543 ||| Stepping ~*~*~tactically~*~*~ (outnumbered).
  6571 | D:9      | 6571 ||| STAIRDANCE
  6573 | D:8      | 6573 ||| Stepping ~*~*~tactically~*~*~ (outnumbered).
  6574 | D:8      | 6574 ||| Stepping ~*~*~tactically~*~*~ (outnumbered).
  6575 | D:8      | 6575 ||| Stepping ~*~*~tactically~*~*~ (outnumbered).
  6578 | D:8      | 6578 ||| Stepping ~*~*~tactically~*~*~ (outnumbered).
  6631 | D:9      | 6631 ||| INVOKING Fiery Armour.
  6638 | D:9      | Reached skill level 13 in Unarmed Combat
  6642 | D:9      | Reached skill level 1 in Armour
  6669 | D:9      | Noticed an orange demon
  6670 | D:9      | 6670 ||| Stepping ~*~*~tactically~*~*~ (hiding).
  6680 | D:9      | Killed an orange demon
  6718 | D:9      | 6718 ||| Stepping ~*~*~tactically~*~*~ (hiding).
  6856 | D:9      | 6856 ||| Stepping ~*~*~tactically~*~*~ (hiding).
  6866 | D:9      | 6866 ||| Stepping ~*~*~tactically~*~*~ (outnumbered).
  6893 | D:9      | 6893 ||| Stepping ~*~*~tactically~*~*~ (hiding).
  7071 | D:9      | Noticed a soul eater
  7072 | D:9      | 7072 ||| FLEEEEING.
  7073 | D:9      | 7073 ||| FLEEEEING.
  7074 | D:9      | 7074 ||| FLEEEEING.
  7075 | D:9      | 7075 ||| FLEEEEING.
  7077 | D:9      | 7077 ||| FLEEEEING.
  7083 | D:9      | 7083 ||| FLEEEEING.
  7084 | D:9      | 7084 ||| FLEEEEING.
  7085 | D:9      | 7085 ||| FLEEEEING.
  7099 | D:9      | Killed a soul eater
  7100 | D:9      | Reached skill level 14 in Unarmed Combat
  7160 | D:9      | 7160 ||| Stepping ~*~*~tactically~*~*~ (hiding).
  7163 | D:9      | 7163 ||| Stepping ~*~*~tactically~*~*~ (hiding).
  7485 | D:9      | Found a sparkling altar of Nemelex Xobeh.
  7691 | D:9      | 7691 ||| READING 8 scrolls of identify.
  7691 | D:9      | 7691 ||| IDENTIFYING purple potion
  7756 | D:10     | Entered Level 10 of the Dungeon
  7757 | D:10     | 7757 ||| STAIRDANCE
  7769 | D:10     | Noticed Nergalle
  7774 | D:10     | Killed Nergalle
  7775 | D:10     | Reached skill level 6 in Fighting
  7775 | D:10     | Reached XP level 11. HP: 82/105 MP: 11/11
  7780 | D:10     | 7780 ||| INVOKING Fiery Armour.
  7856 | D:10     | 7856 ||| Stepping ~*~*~tactically~*~*~ (stealth).
  7857 | D:10     | 7857 ||| Stepping ~*~*~tactically~*~*~ (stealth).
  7921 | D:10     | 7921 ||| Stepping ~*~*~tactically~*~*~ (stealth).
  7922 | D:10     | 7922 ||| Stepping ~*~*~tactically~*~*~ (stealth).
  7923 | D:10     | 7923 ||| Stepping ~*~*~tactically~*~*~ (stealth).
  7927 | D:10     | 7927 ||| Stepping ~*~*~tactically~*~*~ (stealth).
  7929 | D:10     | 7929 ||| Stepping ~*~*~tactically~*~*~ (hiding).
  7933 | D:10     | 7933 ||| INVOKING Fiery Armour.
  7940 | D:10     | 7940 ||| Stepping ~*~*~tactically~*~*~ (outnumbered).
  7941 | D:10     | 7941 ||| Stepping ~*~*~tactically~*~*~ (outnumbered).
  7942 | D:10     | 7942 ||| Stepping ~*~*~tactically~*~*~ (outnumbered).
  7943 | D:10     | 7943 ||| Stepping ~*~*~tactically~*~*~ (outnumbered).
  7945 | D:10     | 7945 ||| Stepping ~*~*~tactically~*~*~ (outnumbered).
  7946 | D:10     | 7946 ||| Stepping ~*~*~tactically~*~*~ (outnumbered).
  7947 | D:10     | 7947 ||| Stepping ~*~*~tactically~*~*~ (outnumbered).
  7949 | D:10     | 7949 ||| Stepping ~*~*~tactically~*~*~ (outnumbered).
  7950 | D:10     | 7950 ||| Stepping ~*~*~tactically~*~*~ (outnumbered).
  7990 | D:10     | Found a sacrificial altar of Ru.
  8009 | D:10     | 8009 ||| Stepping ~*~*~tactically~*~*~ (stealth).
  8060 | D:10     | 8060 ||| Stepping ~*~*~tactically~*~*~ (stealth).
  8062 | D:10     | 8062 ||| Stepping ~*~*~tactically~*~*~ (stealth).
  8064 | D:10     | 8064 ||| Stepping ~*~*~tactically~*~*~ (hiding).
  8065 | D:10     | 8065 ||| Stepping ~*~*~tactically~*~*~ (hiding).
  8068 | D:10     | 8068 ||| INVOKING Fiery Armour.
  8072 | D:10     | 8072 ||| Stepping ~*~*~tactically~*~*~ (outnumbered).
  8075 | D:10     | 8075 ||| Stepping ~*~*~tactically~*~*~ (outnumbered).
  8077 | D:10     | 8077 ||| Stepping ~*~*~tactically~*~*~ (outnumbered).
  8078 | D:10     | 8078 ||| Stepping ~*~*~tactically~*~*~ (outnumbered).
  8086 | D:10     | HP: 26/105 [orc/+2 trident of flaming (1)]
  8087 | D:10     | 8087 ||| READING 3 scrolls of teleportation.
  8090 | D:10     | 8090 ||| DRINKING 8 potions of heal wounds.
  8110 | D:10     | 8110 ||| FLEEEEING.
  8111 | D:10     | 8111 ||| FLEEEEING.
  8112 | D:10     | Reached skill level 6 in Throwing
  8113 | D:10     | 8113 ||| FLEEEEING.
  8114 | D:10     | 8114 ||| FLEEEEING.
  8115 | D:10     | 8115 ||| FLEEEEING.
  8116 | D:10     | 8116 ||| FLEEEEING.
  8117 | D:10     | 8117 ||| FLEEEEING.
  8118 | D:10     | 8118 ||| FLEEEEING.
  8119 | D:10     | 8119 ||| FLEEEEING.
  8120 | D:10     | 8120 ||| FLEEEEING.
  8126 | D:10     | 8126 ||| STAIRDANCE
  8149 | D:9      | 8149 ||| READING 9 scrolls of identify.
  8149 | D:9      | 8149 ||| IDENTIFYING yellow potion
  8150 | D:9      | 8150 ||| READING 8 scrolls of identify.
  8150 | D:9      | 8150 ||| IDENTIFYING smoky emerald potion
  8151 | D:9      | 8151 ||| DROPPING potion of ambrosia.
  8152 | D:9      | 8152 ||| DROPPING potion of degeneration.
  8181 | D:10     | 8181 ||| Stepping ~*~*~tactically~*~*~ (hiding).
  8208 | D:10     | 8208 ||| Stepping ~*~*~tactically~*~*~ (stealth).
  8209 | D:10     | 8209 ||| Stepping ~*~*~tactically~*~*~ (stealth).
  8214 | D:10     | 8214 ||| Stepping ~*~*~tactically~*~*~ (stealth).
  8215 | D:10     | 8215 ||| Stepping ~*~*~tactically~*~*~ (stealth).
  8271 | D:10     | 8271 ||| Stepping ~*~*~tactically~*~*~ (stealth).
  8288 | D:10     | Found a staircase to the Orcish Mines.
  8294 | D:10     | 8294 ||| Stepping ~*~*~tactically~*~*~ (outnumbered).
  8297 | D:10     | 8297 ||| FLEEEEING.
  8316 | D:10     | 8316 ||| Stepping ~*~*~tactically~*~*~ (stealth).
  8319 | D:10     | 8319 ||| Stepping ~*~*~tactically~*~*~ (stealth).
  8382 | D:10     | Identified the +6 falchion of the Hero {pain, rC+++ Str-5
                  | Dex-2 SInv Stlth+}
  8387 | D:10     | 8387 ||| Stepping ~*~*~tactically~*~*~ (stealth).
  8391 | D:10     | 8391 ||| Stepping ~*~*~tactically~*~*~ (outnumbered).
  8392 | D:10     | 8392 ||| Stepping ~*~*~tactically~*~*~ (outnumbered).
  8393 | D:10     | 8393 ||| Stepping ~*~*~tactically~*~*~ (outnumbered).
  8394 | D:10     | 8394 ||| Stepping ~*~*~tactically~*~*~ (outnumbered).
  8395 | D:10     | 8395 ||| Stepping ~*~*~tactically~*~*~ (outnumbered).
  8396 | D:10     | 8396 ||| Stepping ~*~*~tactically~*~*~ (outnumbered).
  8397 | D:10     | 8397 ||| Stepping ~*~*~tactically~*~*~ (outnumbered).
  8399 | D:10     | 8399 ||| Stepping ~*~*~tactically~*~*~ (outnumbered).
  8400 | D:10     | 8400 ||| Stepping ~*~*~tactically~*~*~ (outnumbered).
  8401 | D:10     | 8401 ||| Stepping ~*~*~tactically~*~*~ (outnumbered).
  8402 | D:10     | 8402 ||| Stepping ~*~*~tactically~*~*~ (outnumbered).
  8403 | D:10     | 8403 ||| Stepping ~*~*~tactically~*~*~ (outnumbered).
  8404 | D:10     | 8404 ||| Stepping ~*~*~tactically~*~*~ (outnumbered).
  8405 | D:10     | 8405 ||| Stepping ~*~*~tactically~*~*~ (outnumbered).
  8409 | D:10     | 8409 ||| Stepping ~*~*~tactically~*~*~ (stealth).
  8415 | D:10     | 8415 ||| Stepping ~*~*~tactically~*~*~ (stealth).
  8440 | D:10     | Reached skill level 15 in Unarmed Combat
  8458 | D:10     | Noticed a two-headed ogre
  8464 | D:10     | Killed a two-headed ogre
  8465 | D:10     | Reached skill level 3 in Dodging
  8660 | D:10     | Found a staircase to the Lair.
  8724 | D:10     | 8724 ||| PLANNING LAIR
  8724 | D:10     | 8724 ||| UPGRADING to ring of positive energy.
  8758 | Lair:1   | Entered Level 1 of the Lair of Beasts
  8776 | Lair:1   | 8776 ||| Stepping ~*~*~tactically~*~*~ (stealth).
  8793 | Lair:1   | 8793 ||| Stepping ~*~*~tactically~*~*~ (stealth).
  8794 | Lair:1   | 8794 ||| Stepping ~*~*~tactically~*~*~ (stealth).
  8795 | Lair:1   | 8795 ||| Stepping ~*~*~tactically~*~*~ (stealth).
  8796 | Lair:1   | 8796 ||| Stepping ~*~*~tactically~*~*~ (stealth).
  8902 | Lair:1   | 8902 ||| Stepping ~*~*~tactically~*~*~ (stealth).
  8904 | Lair:1   | 8904 ||| Stepping ~*~*~tactically~*~*~ (stealth).
  8908 | Lair:1   | 8908 ||| Stepping ~*~*~tactically~*~*~ (stealth).
  8910 | Lair:1   | 8910 ||| Stepping ~*~*~tactically~*~*~ (stealth).
  8911 | Lair:1   | 8911 ||| INVOKING Fiery Armour.
  8930 | Lair:1   | Reached skill level 16 in Unarmed Combat
  9176 | Lair:1   | 9176 ||| Stepping ~*~*~tactically~*~*~ (outnumbered).
  9178 | Lair:1   | 9178 ||| Stepping ~*~*~tactically~*~*~ (outnumbered).
  9182 | Lair:1   | 9182 ||| Stepping ~*~*~tactically~*~*~ (stealth).
  9188 | Lair:1   | 9188 ||| Stepping ~*~*~tactically~*~*~ (stealth).
  9193 | Lair:1   | 9193 ||| Stepping ~*~*~tactically~*~*~ (outnumbered).
  9198 | Lair:1   | 9198 ||| Stepping ~*~*~tactically~*~*~ (outnumbered).
  9199 | Lair:1   | 9199 ||| Stepping ~*~*~tactically~*~*~ (outnumbered).
  9200 | Lair:1   | 9200 ||| Stepping ~*~*~tactically~*~*~ (outnumbered).
  9201 | Lair:1   | 9201 ||| Stepping ~*~*~tactically~*~*~ (outnumbered).
  9203 | Lair:1   | 9203 ||| Stepping ~*~*~tactically~*~*~ (outnumbered).
  9204 | Lair:1   | 9204 ||| Stepping ~*~*~tactically~*~*~ (outnumbered).
  9205 | Lair:1   | 9205 ||| Stepping ~*~*~tactically~*~*~ (outnumbered).
  9206 | Lair:1   | 9206 ||| Stepping ~*~*~tactically~*~*~ (outnumbered).
  9207 | Lair:1   | 9207 ||| Stepping ~*~*~tactically~*~*~ (outnumbered).
  9208 | Lair:1   | 9208 ||| Stepping ~*~*~tactically~*~*~ (outnumbered).
  9209 | Lair:1   | 9209 ||| Stepping ~*~*~tactically~*~*~ (outnumbered).
  9210 | Lair:1   | 9210 ||| Stepping ~*~*~tactically~*~*~ (outnumbered).
  9211 | Lair:1   | 9211 ||| Stepping ~*~*~tactically~*~*~ (outnumbered).
  9212 | Lair:1   | 9212 ||| Stepping ~*~*~tactically~*~*~ (outnumbered).
  9213 | Lair:1   | 9213 ||| Stepping ~*~*~tactically~*~*~ (outnumbered).
  9214 | Lair:1   | 9214 ||| Stepping ~*~*~tactically~*~*~ (outnumbered).
  9215 | Lair:1   | 9215 ||| Stepping ~*~*~tactically~*~*~ (outnumbered).
  9221 | Lair:1   | Reached XP level 12. HP: 88/118 MP: 12/12
 10185 | Lair:2   | 10185 ||| Stepping ~*~*~tactically~*~*~ (stealth).
 10186 | Lair:2   | 10186 ||| Stepping ~*~*~tactically~*~*~ (stealth).
 10189 | Lair:2   | 10189 ||| Stepping ~*~*~tactically~*~*~ (stealth).
 10734 | Lair:2   | 10734 ||| DROPPING ring of magical power.
 10778 | Lair:3   | 10778 ||| STAIRDANCE
 10788 | Lair:3   | 10788 ||| STAIRDANCE
 10805 | Lair:3   | 10805 ||| STAIRDANCE
 10854 | Lair:3   | 10854 ||| Stepping ~*~*~tactically~*~*~ (stealth).
 10887 | Lair:3   | 10887 ||| Stepping ~*~*~tactically~*~*~ (outnumbered).
 10899 | Lair:3   | 10899 ||| FLEEEEING.
 10900 | Lair:3   | 10900 ||| STAIRDANCE
 10972 | Lair:3   | 10972 ||| Stepping ~*~*~tactically~*~*~ (hiding).
 11014 | Lair:3   | 11014 ||| INVOKING Fiery Armour.
 11015 | Lair:3   | 11015 ||| Stepping ~*~*~tactically~*~*~ (stealth).
 11038 | Lair:3   | Reached skill level 17 in Unarmed Combat
 11092 | Lair:3   | Found a staircase to the Shoals.
 11096 | Lair:3   | 11096 ||| Stepping ~*~*~tactically~*~*~ (stealth).
 11219 | Lair:3   | Found a staircase to the Snake Pit.
 11651 | Lair:3   | 11651 ||| READING scroll labelled YXZELI JUEDD.
 11692 | Lair:4   | 11692 ||| Stepping ~*~*~tactically~*~*~ (outnumbered).
 11760 | Lair:4   | 11760 ||| Stepping ~*~*~tactically~*~*~ (stealth).
 11762 | Lair:4   | 11762 ||| Stepping ~*~*~tactically~*~*~ (stealth).
 11790 | Lair:4   | 11790 ||| Stepping ~*~*~tactically~*~*~ (stealth).
 11806 | Lair:4   | 11806 ||| Stepping ~*~*~tactically~*~*~ (outnumbered).
 11807 | Lair:4   | 11807 ||| Stepping ~*~*~tactically~*~*~ (outnumbered).
 11808 | Lair:4   | 11808 ||| Stepping ~*~*~tactically~*~*~ (outnumbered).
 11811 | Lair:4   | Reached skill level 18 in Unarmed Combat
 11822 | Lair:4   | 11822 ||| FLEEEEING.
 11826 | Lair:4   | 11826 ||| FLEEEEING.
 11827 | Lair:4   | 11827 ||| FLEEEEING.
 11828 | Lair:4   | 11828 ||| FLEEEEING.
 11829 | Lair:4   | 11829 ||| FLEEEEING.
 11830 | Lair:4   | 11830 ||| FLEEEEING.
 11877 | Lair:4   | Found a transporter.
 11891 | Lair:4   | Noticed qw's ghost (journeyman TrCA)
 11912 | Lair:4   | Found a transporter.
 12012 | Lair:4   | 12012 ||| Stepping ~*~*~tactically~*~*~ (hiding).
 12013 | Lair:4   | 12013 ||| Stepping ~*~*~tactically~*~*~ (hiding).
 12037 | Lair:4   | 12037 ||| Stepping ~*~*~tactically~*~*~ (stealth).
 12039 | Lair:4   | 12039 ||| Stepping ~*~*~tactically~*~*~ (stealth).
 12040 | Lair:4   | 12040 ||| Stepping ~*~*~tactically~*~*~ (stealth).
 12099 | Lair:4   | 12099 ||| Stepping ~*~*~tactically~*~*~ (outnumbered).
 12102 | Lair:4   | 12102 ||| INVOKING Fiery Armour.
 12145 | Lair:4   | 12145 ||| FLEEEEING.
 12146 | Lair:4   | 12146 ||| FLEEEEING.
 12154 | Lair:4   | 12154 ||| FLEEEEING.
 12155 | Lair:4   | 12155 ||| FLEEEEING.
 12156 | Lair:4   | 12156 ||| FLEEEEING.
 12157 | Lair:4   | 12157 ||| FLEEEEING.
 12158 | Lair:4   | 12158 ||| FLEEEEING.
 12159 | Lair:4   | 12159 ||| FLEEEEING.
 12160 | Lair:4   | 12160 ||| FLEEEEING.
 12161 | Lair:4   | 12161 ||| STAIRDANCE
 12191 | Lair:3   | 12191 ||| DROPPING ring of ice.
 12192 | Lair:3   | 12192 ||| UPGRADING to +4 ring of evasion.
 12195 | Lair:4   | 12195 ||| STAIRDANCE
 12209 | Lair:4   | 12209 ||| STAIRDANCE
 12237 | Lair:4   | Reached XP level 13. HP: 126/127 MP: 13/13
 12320 | Lair:4   | 12320 ||| Stepping ~*~*~tactically~*~*~ (stealth).
 12366 | Lair:4   | 12366 ||| Stepping ~*~*~tactically~*~*~ (stealth).
 12451 | Lair:4   | 12451 ||| Stepping ~*~*~tactically~*~*~ (stealth).
 12472 | Lair:4   | 12472 ||| Stepping ~*~*~tactically~*~*~ (stealth).
 12475 | Lair:4   | 12475 ||| Stepping ~*~*~tactically~*~*~ (stealth).
 12477 | Lair:4   | 12477 ||| Stepping ~*~*~tactically~*~*~ (stealth).
 12567 | Lair:4   | 12567 ||| Stepping ~*~*~tactically~*~*~ (stealth).
 12569 | Lair:4   | 12569 ||| Stepping ~*~*~tactically~*~*~ (stealth).
 12883 | Lair:4   | 12883 ||| Stepping ~*~*~tactically~*~*~ (stealth).
 12884 | Lair:4   | 12884 ||| Stepping ~*~*~tactically~*~*~ (stealth).
 12912 | Lair:4   | 12912 ||| DROPPING orb of mayhem.
 12913 | Lair:4   | 12913 ||| UPGRADING to ring of poison resistance.
 12938 | Lair:5   | Entered Level 5 of the Lair of Beasts
 12943 | Lair:5   | 12943 ||| STAIRDANCE
 12948 | Lair:5   | 12948 ||| STAIRDANCE
 12956 | Lair:5   | 12956 ||| STAIRDANCE
 12962 | Lair:5   | 12962 ||| INVOKING Fiery Armour.
 12963 | Lair:5   | 12963 ||| STAIRDANCE
 13058 | Lair:5   | 13058 ||| FLEEEEING.
 13059 | Lair:5   | 13059 ||| FLEEEEING.
 13062 | Lair:5   | 13062 ||| INVOKING Fiery Armour.
 13068 | Lair:5   | 13068 ||| Stepping ~*~*~tactically~*~*~ (outnumbered).
 13071 | Lair:5   | 13071 ||| Stepping ~*~*~tactically~*~*~ (outnumbered).
 13074 | Lair:5   | 13074 ||| Stepping ~*~*~tactically~*~*~ (outnumbered).
 13076 | Lair:5   | 13076 ||| Stepping ~*~*~tactically~*~*~ (outnumbered).
 13077 | Lair:5   | 13077 ||| Stepping ~*~*~tactically~*~*~ (outnumbered).
 13080 | Lair:5   | 13080 ||| Stepping ~*~*~tactically~*~*~ (outnumbered).
 13081 | Lair:5   | 13081 ||| Stepping ~*~*~tactically~*~*~ (outnumbered).
 13082 | Lair:5   | 13082 ||| Stepping ~*~*~tactically~*~*~ (outnumbered).
 13083 | Lair:5   | 13083 ||| Stepping ~*~*~tactically~*~*~ (outnumbered).
 13084 | Lair:5   | 13084 ||| Stepping ~*~*~tactically~*~*~ (outnumbered).
 13085 | Lair:5   | 13085 ||| Stepping ~*~*~tactically~*~*~ (outnumbered).
 13086 | Lair:5   | 13086 ||| Stepping ~*~*~tactically~*~*~ (outnumbered).
 13087 | Lair:5   | 13087 ||| Stepping ~*~*~tactically~*~*~ (outnumbered).
 13088 | Lair:5   | 13088 ||| Stepping ~*~*~tactically~*~*~ (outnumbered).
 13089 | Lair:5   | 13089 ||| Stepping ~*~*~tactically~*~*~ (outnumbered).
 13090 | Lair:5   | 13090 ||| Stepping ~*~*~tactically~*~*~ (outnumbered).
 13093 | Lair:5   | 13093 ||| Stepping ~*~*~tactically~*~*~ (outnumbered).
 13094 | Lair:5   | 13094 ||| Stepping ~*~*~tactically~*~*~ (outnumbered).
 13095 | Lair:5   | 13095 ||| Stepping ~*~*~tactically~*~*~ (outnumbered).
 13096 | Lair:5   | 13096 ||| Stepping ~*~*~tactically~*~*~ (outnumbered).
 13097 | Lair:5   | 13097 ||| Stepping ~*~*~tactically~*~*~ (outnumbered).
 13097 | Lair:5   | HP: 12/127 [lindwurm/blast of flame (21)]
 13098 | Lair:5   | 13098 ||| READING 2 scrolls of teleportation.
 13099 | Lair:5   | 13099 ||| DRINKING 8 potions of heal wounds.
 13100 | Lair:5   | 13100 ||| DRINKING 7 potions of heal wounds.
 13101 | Lair:5   | 13101 ||| Stepping ~*~*~tactically~*~*~ (outnumbered).
 13102 | Lair:5   | 13102 ||| Stepping ~*~*~tactically~*~*~ (outnumbered).
 13131 | Lair:5   | Reached skill level 19 in Unarmed Combat
 13494 | Lair:5   | 13494 ||| Stepping ~*~*~tactically~*~*~ (outnumbered).
 13662 | Lair:5   | Found a viscous altar of Jiyva.
 13663 | Lair:5   | Found a staircase to the Slime Pits.
 13766 | Lair:5   | 13766 ||| Stepping ~*~*~tactically~*~*~ (hiding).
 13830 | Lair:5   | Reached skill level 9 in Fighting
 14018 | Lair:5   | 14018 ||| Stepping ~*~*~tactically~*~*~ (stealth).
 14061 | Lair:5   | 14061 ||| INVOKING Fiery Armour.
 14065 | Lair:5   | 14065 ||| Stepping ~*~*~tactically~*~*~ (stealth).
 14096 | Lair:5   | 14096 ||| Stepping ~*~*~tactically~*~*~ (hiding).
 14104 | Lair:5   | 14104 ||| Stepping ~*~*~tactically~*~*~ (cloud).
 14117 | Lair:5   | 14117 ||| FLEEEEING.
 14118 | Lair:5   | 14118 ||| FLEEEEING.
 14119 | Lair:5   | 14119 ||| FLEEEEING.
 14120 | Lair:5   | 14120 ||| FLEEEEING.
 14121 | Lair:5   | 14121 ||| FLEEEEING.
 14123 | Lair:5   | 14123 ||| FLEEEEING.
 14124 | Lair:5   | 14124 ||| FLEEEEING.
 14182 | Lair:5   | 14182 ||| Stepping ~*~*~tactically~*~*~ (stealth).
 14185 | Lair:5   | 14185 ||| Stepping ~*~*~tactically~*~*~ (stealth).
 14201 | Lair:5   | Identified the +8 pearl dragon scales of the Grand Yeti
                  | {rN+ Regen+ Str+4 Dex+2}
 14309 | Lair:5   | 14309 ||| PLANNING CONVERSION TO OKAWARU
 14492 | D:8      | Fell from the grace of Ignis
 14492 | D:8      | Became a worshipper of Warmaster Okawaru
 14493 | D:8      | 14493 ||| PLANNING D:1-11
 14493 | D:8      | 14493 ||| DROPPING +0 robe of fire resistance.
 14494 | D:8      | 14494 ||| UPGRADING to +8 pearl dragon scales of the Grand
                  | Yeti {rN+ Regen+ Str+4 Dex+2}.
 14504 | D:8      | 14504 ||| DROPPING +3 robe of the Shining One's Envy {*Slow
                  | Int+4 Slay+4}.
 14505 | D:8      | 14505 ||| DROPPING ring of wizardry.
 14563 | D:11     | 14563 ||| STAIRDANCE
 14572 | D:11     | 14572 ||| STAIRDANCE
 14574 | D:10     | 14574 ||| Stepping ~*~*~tactically~*~*~ (outnumbered).
 14589 | D:11     | 14589 ||| STAIRDANCE
 14591 | D:10     | 14591 ||| Stepping ~*~*~tactically~*~*~ (outnumbered).
 14592 | D:10     | 14592 ||| Stepping ~*~*~tactically~*~*~ (outnumbered).
 14593 | D:10     | 14593 ||| Stepping ~*~*~tactically~*~*~ (outnumbered).
 14596 | D:10     | 14596 ||| Stepping ~*~*~tactically~*~*~ (outnumbered).
 14599 | D:10     | 14599 ||| Stepping ~*~*~tactically~*~*~ (outnumbered).
 14601 | D:10     | 14601 ||| Stepping ~*~*~tactically~*~*~ (outnumbered).
 14602 | D:10     | 14602 ||| Stepping ~*~*~tactically~*~*~ (outnumbered).
 14603 | D:10     | 14603 ||| Stepping ~*~*~tactically~*~*~ (outnumbered).
 14604 | D:10     | 14604 ||| Stepping ~*~*~tactically~*~*~ (outnumbered).
 14623 | D:11     | 14623 ||| STAIRDANCE
 14625 | D:10     | 14625 ||| Stepping ~*~*~tactically~*~*~ (outnumbered).
 14626 | D:10     | 14626 ||| Stepping ~*~*~tactically~*~*~ (outnumbered).
 14639 | D:11     | 14639 ||| STAIRDANCE
 14662 | D:11     | 14662 ||| STAIRDANCE
 14668 | D:11     | 14668 ||| STAIRDANCE
 14675 | D:11     | 14675 ||| STAIRDANCE
 14705 | D:11     | 14705 ||| STAIRDANCE
 14737 | D:11     | 14737 ||| STAIRDANCE
 14783 | D:11     | 14783 ||| STAIRDANCE
 14800 | D:11     | Reached skill level 3 in Armour
 14816 | D:11     | 14816 ||| Stepping ~*~*~tactically~*~*~ (hiding).
 14939 | D:11     | 14939 ||| Stepping ~*~*~tactically~*~*~ (stealth).
 14944 | D:11     | 14944 ||| Stepping ~*~*~tactically~*~*~ (stealth).
 14945 | D:11     | 14945 ||| Stepping ~*~*~tactically~*~*~ (stealth).
 14946 | D:11     | 14946 ||| Stepping ~*~*~tactically~*~*~ (stealth).
 14959 | D:11     | 14959 ||| Stepping ~*~*~tactically~*~*~ (stealth).
 14962 | D:11     | 14962 ||| Stepping ~*~*~tactically~*~*~ (stealth).
 14964 | D:11     | Reached * piety under Okawaru
 14967 | D:11     | 14967 ||| Stepping ~*~*~tactically~*~*~ (stealth).
 14991 | D:11     | 14991 ||| Stepping ~*~*~tactically~*~*~ (outnumbered).
 15027 | D:11     | 15027 ||| Stepping ~*~*~tactically~*~*~ (stealth).
 15030 | D:11     | Reached XP level 14. HP: 140/140 MP: 14/14
 15036 | D:11     | 15036 ||| Stepping ~*~*~tactically~*~*~ (stealth).
 15037 | D:11     | 15037 ||| Stepping ~*~*~tactically~*~*~ (stealth).
 15038 | D:11     | 15038 ||| Stepping ~*~*~tactically~*~*~ (stealth).
 15048 | D:11     | Reached skill level 1 in Invocations
 15082 | D:11     | 15082 ||| INVOKING Heroism.
 15108 | D:11     | Identified the +9 war axe of Errichud {drain, rC+ Will+
                  | Int+7}
 15615 | D:11     | 15615 ||| Stepping ~*~*~tactically~*~*~ (hiding).
 15617 | D:11     | 15617 ||| Stepping ~*~*~tactically~*~*~ (hiding).
 15663 | D:11     | 15663 ||| Stepping ~*~*~tactically~*~*~ (stealth).
 15665 | D:11     | 15665 ||| Stepping ~*~*~tactically~*~*~ (hiding).
 15667 | D:11     | 15667 ||| Stepping ~*~*~tactically~*~*~ (hiding).
 15742 | D:11     | 15742 ||| Stepping ~*~*~tactically~*~*~ (stealth).
 15743 | D:11     | 15743 ||| Stepping ~*~*~tactically~*~*~ (stealth).
 15838 | D:11     | 15838 ||| PLANNING D
 15838 | D:11     | 15838 ||| UPGRADING to +0 tower shield.
 15843 | D:11     | 15843 ||| UPGRADING to ring of the Hare {EV+8}.
 15845 | D:11     | 15845 ||| DROPPING ring of ice.
 15846 | D:11     | 15846 ||| DROPPING ring of positive energy.
 15847 | D:11     | 15847 ||| UPGRADING to ring of poison resistance.
 15890 | D:12     | 15890 ||| INVOKING Heroism.
 15893 | D:12     | 15893 ||| Stepping ~*~*~tactically~*~*~ (outnumbered).
 15894 | D:12     | 15894 ||| Stepping ~*~*~tactically~*~*~ (outnumbered).
 15895 | D:12     | 15895 ||| STAIRDANCE
 15943 | D:12     | Reached skill level 1 in Shields
 15961 | D:12     | Reached skill level 3 in Invocations
 15981 | D:12     | Reached ** piety under Okawaru
 16018 | D:12     | 16018 ||| INVOKING Heroism.
 16020 | D:12     | 16020 ||| Stepping ~*~*~tactically~*~*~ (outnumbered).
 16021 | D:12     | 16021 ||| Stepping ~*~*~tactically~*~*~ (outnumbered).
 16022 | D:12     | 16022 ||| Stepping ~*~*~tactically~*~*~ (outnumbered).
 16023 | D:12     | 16023 ||| Stepping ~*~*~tactically~*~*~ (outnumbered).
 16024 | D:12     | 16024 ||| Stepping ~*~*~tactically~*~*~ (outnumbered).
 16025 | D:12     | 16025 ||| Stepping ~*~*~tactically~*~*~ (outnumbered).
 16026 | D:12     | 16026 ||| Stepping ~*~*~tactically~*~*~ (outnumbered).
 16027 | D:12     | 16027 ||| Stepping ~*~*~tactically~*~*~ (outnumbered).
 16028 | D:12     | 16028 ||| Stepping ~*~*~tactically~*~*~ (outnumbered).
 16029 | D:12     | 16029 ||| Stepping ~*~*~tactically~*~*~ (outnumbered).
 16030 | D:12     | 16030 ||| Stepping ~*~*~tactically~*~*~ (outnumbered).
 16031 | D:12     | 16031 ||| Stepping ~*~*~tactically~*~*~ (outnumbered).
 16032 | D:12     | 16032 ||| Stepping ~*~*~tactically~*~*~ (outnumbered).
 16033 | D:12     | 16033 ||| Stepping ~*~*~tactically~*~*~ (outnumbered).
 16034 | D:12     | 16034 ||| Stepping ~*~*~tactically~*~*~ (outnumbered).
 16035 | D:12     | 16035 ||| INVOKING Heroism.
 16036 | D:12     | 16036 ||| Stepping ~*~*~tactically~*~*~ (outnumbered).
 16043 | D:12     | 16043 ||| Stepping ~*~*~tactically~*~*~ (outnumbered).
 16044 | D:12     | 16044 ||| Stepping ~*~*~tactically~*~*~ (outnumbered).
 16045 | D:12     | 16045 ||| Stepping ~*~*~tactically~*~*~ (outnumbered).
 16046 | D:12     | 16046 ||| Stepping ~*~*~tactically~*~*~ (outnumbered).
 16047 | D:12     | 16047 ||| Stepping ~*~*~tactically~*~*~ (outnumbered).
 16048 | D:12     | 16048 ||| Stepping ~*~*~tactically~*~*~ (outnumbered).
 16049 | D:12     | 16049 ||| Stepping ~*~*~tactically~*~*~ (outnumbered).
 16050 | D:12     | 16050 ||| Stepping ~*~*~tactically~*~*~ (outnumbered).
 16051 | D:12     | 16051 ||| Stepping ~*~*~tactically~*~*~ (outnumbered).
 16052 | D:12     | 16052 ||| Stepping ~*~*~tactically~*~*~ (outnumbered).
 16121 | D:12     | 16121 ||| READING 3 scrolls of teleportation.
 16359 | D:12     | 16359 ||| DROPPING amulet of magic regeneration.
 16590 | D:13     | 16590 ||| Stepping ~*~*~tactically~*~*~ (hiding).
 16620 | D:13     | Reached skill level 3 in Shields
 16645 | D:13     | 16645 ||| INVOKING Heroism.
 16651 | D:13     | 16651 ||| Stepping ~*~*~tactically~*~*~ (outnumbered).
 16652 | D:13     | 16652 ||| Stepping ~*~*~tactically~*~*~ (outnumbered).
 16653 | D:13     | 16653 ||| Stepping ~*~*~tactically~*~*~ (outnumbered).
 16654 | D:13     | 16654 ||| Stepping ~*~*~tactically~*~*~ (outnumbered).
 16655 | D:13     | 16655 ||| Stepping ~*~*~tactically~*~*~ (outnumbered).
 16656 | D:13     | 16656 ||| STAIRDANCE
 16778 | D:13     | You fall into a shaft and drop 2 floors!
 16778 | D:15     | Entered Level 15 of the Dungeon
 16778 | D:15     | Was forgiven by Ignis
 16928 | D:14     | 16928 ||| INVOKING Heroism.
 16935 | D:14     | Reached *** piety under Okawaru
 16974 | D:14     | Found Dechesmune's Armour Shoppe.
 17150 | D:13     | 17150 ||| Stepping ~*~*~tactically~*~*~ (outnumbered).
 17151 | D:13     | 17151 ||| Stepping ~*~*~tactically~*~*~ (outnumbered).
 17152 | D:13     | 17152 ||| Stepping ~*~*~tactically~*~*~ (outnumbered).
 17154 | D:13     | 17154 ||| Stepping ~*~*~tactically~*~*~ (outnumbered).
 17155 | D:13     | 17155 ||| Stepping ~*~*~tactically~*~*~ (outnumbered).
 17156 | D:13     | 17156 ||| Stepping ~*~*~tactically~*~*~ (outnumbered).
 17170 | D:13     | Identified the +4 sling "Xotilahu" {venom, rPois Str+5}
 17171 | D:13     | 17171 ||| INVOKING Heroism.
 17172 | D:13     | 17172 ||| Stepping ~*~*~tactically~*~*~ (outnumbered).
 17210 | D:13     | 17210 ||| Stepping ~*~*~tactically~*~*~ (outnumbered).
 17211 | D:13     | 17211 ||| Stepping ~*~*~tactically~*~*~ (outnumbered).
 17212 | D:13     | 17212 ||| Stepping ~*~*~tactically~*~*~ (outnumbered).
 17213 | D:13     | 17213 ||| Stepping ~*~*~tactically~*~*~ (outnumbered).
 17214 | D:13     | 17214 ||| Stepping ~*~*~tactically~*~*~ (outnumbered).
 17215 | D:13     | 17215 ||| Stepping ~*~*~tactically~*~*~ (outnumbered).
 17219 | D:13     | Reached skill level 6 in Shields
 17236 | D:13     | 17236 ||| Stepping ~*~*~tactically~*~*~ (outnumbered).
 17251 | D:13     | 17251 ||| INVOKING Heroism.
 17252 | D:13     | 17252 ||| Stepping ~*~*~tactically~*~*~ (outnumbered).
 17256 | D:13     | 17256 ||| Stepping ~*~*~tactically~*~*~ (outnumbered).
 17264 | D:13     | 17264 ||| Stepping ~*~*~tactically~*~*~ (outnumbered).
 17266 | D:13     | 17266 ||| Stepping ~*~*~tactically~*~*~ (outnumbered).
 17267 | D:13     | 17267 ||| Stepping ~*~*~tactically~*~*~ (outnumbered).
 17268 | D:13     | 17268 ||| Stepping ~*~*~tactically~*~*~ (outnumbered).
 17279 | D:13     | 17279 ||| Stepping ~*~*~tactically~*~*~ (stealth).
 17283 | D:13     | Received a gift from Okawaru
 17389 | D:13     | 17389 ||| INVOKING Heroism.
 17487 | D:13     | Found a gate to the Vaults.
 17490 | D:13     | 17490 ||| READING 5 scrolls of teleportation.
 17553 | D:14     | Found a viscous altar of Jiyva.
 17555 | D:14     | 17555 ||| Stepping ~*~*~tactically~*~*~ (stealth).
 17632 | D:14     | Reached **** piety under Okawaru
 17877 | D:15     | 17877 ||| INVOKING Heroism.
 17879 | D:15     | 17879 ||| Stepping ~*~*~tactically~*~*~ (outnumbered).
 17880 | D:15     | 17880 ||| Stepping ~*~*~tactically~*~*~ (outnumbered).
 17884 | D:15     | 17884 ||| Stepping ~*~*~tactically~*~*~ (outnumbered).
 17886 | D:15     | 17886 ||| Stepping ~*~*~tactically~*~*~ (outnumbered).
 17887 | D:15     | 17887 ||| Stepping ~*~*~tactically~*~*~ (outnumbered).
 17888 | D:15     | 17888 ||| Stepping ~*~*~tactically~*~*~ (outnumbered).
 17889 | D:15     | 17889 ||| STAIRDANCE
 17891 | D:14     | 17891 ||| Stepping ~*~*~tactically~*~*~ (outnumbered).
 17892 | D:14     | 17892 ||| Stepping ~*~*~tactically~*~*~ (outnumbered).
 17902 | D:15     | 17902 ||| STAIRDANCE
 17923 | D:15     | 17923 ||| INVOKING Heroism.
 17956 | D:15     | 17956 ||| Stepping ~*~*~tactically~*~*~ (stealth).
 17961 | D:15     | 17961 ||| INVOKING Heroism.
 17988 | D:15     | HP: 24/140 [manticore simulacrum[a necromancer] (20)]
 17989 | D:15     | 17989 ||| READING 4 scrolls of teleportation.
 17990 | D:15     | 17990 ||| DRINKING 9 potions of heal wounds.
 18041 | D:15     | Noticed Azrael
 18042 | D:15     | 18042 ||| INVOKING Heroism.
 18058 | D:15     | Killed Azrael
 18062 | Abyss:2  | Cast into level 2 of the Abyss (a wizard)
 18099 | Abyss:2  | Found a corrupted altar of Lugonu.
 18143 | Abyss:2  | Reached ***** piety under Okawaru
 18148 | Abyss:2  | Noticed a starcursed mass
 18149 | Abyss:2  | 18149 ||| Stepping ~*~*~tactically~*~*~ (stealth).
 18153 | Abyss:2  | 18153 ||| INVOKING Heroism.
 18196 | Abyss:2  | 18196 ||| Stepping ~*~*~tactically~*~*~ (stealth).
 18200 | Abyss:2  | Found a corrupted altar of Lugonu.
 18201 | Abyss:2  | 18201 ||| Stepping ~*~*~tactically~*~*~ (stealth).
 18207 | Abyss:2  | Reached XP level 15. HP: 146/146 MP: 14/14
 18221 | Abyss:2  | 18221 ||| Stepping ~*~*~tactically~*~*~ (stealth).
 18223 | Abyss:2  | 18223 ||| INVOKING Heroism.
 18234 | Abyss:2  | 18234 ||| Stepping ~*~*~tactically~*~*~ (outnumbered).
 18235 | Abyss:2  | 18235 ||| Stepping ~*~*~tactically~*~*~ (outnumbered).
 18236 | Abyss:2  | 18236 ||| Stepping ~*~*~tactically~*~*~ (outnumbered).
 18238 | Abyss:2  | 18238 ||| Stepping ~*~*~tactically~*~*~ (outnumbered).
 18241 | Abyss:2  | 18241 ||| Stepping ~*~*~tactically~*~*~ (outnumbered).
 18263 | Abyss:2  | Reached skill level 6 in Invocations
 18274 | Abyss:2  | 18274 ||| Stepping ~*~*~tactically~*~*~ (stealth).
 18292 | Abyss:2  | Received a gift from Okawaru
 18299 | Abyss:2  | 18299 ||| INVOKING Heroism.
 18316 | Abyss:2  | 18316 ||| Stepping ~*~*~tactically~*~*~ (hiding).
 18317 | Abyss:2  | 18317 ||| Stepping ~*~*~tactically~*~*~ (hiding).
 18326 | Abyss:2  | 18326 ||| INVOKING Heroism.
 18329 | Abyss:2  | Noticed a lich
 18330 | Abyss:2  | 18330 ||| INVOKING Finesse.
 18345 | Abyss:2  | Killed a lich
 18346 | Abyss:2  | Reached skill level 9 in Shields
 18348 | D:15     | Escaped the Abyss
 18349 | D:15     | 18349 ||| INVOKING Heroism.
 18359 | D:15     | 18359 ||| Stepping ~*~*~tactically~*~*~ (outnumbered).
 18369 | D:15     | 18369 ||| DRINKING 12 potions of curing.
 18369 | D:15     | 18369 ||| (to cure confusion)
 18374 | D:15     | Paralysed by something for 5 turns
 18414 | D:15     | Identified the +9 rapier of War {vorpal, Str+3}
 18415 | Abyss:3  | Cast into level 3 of the Abyss (a wizard)
 18429 | D:15     | Escaped the Abyss
 18678 | D:15     | Found a staircase to the Depths.
 18707 | D:15     | Noticed Jorgrun
 18708 | D:15     | 18708 ||| INVOKING Heroism.
 18709 | D:15     | 18709 ||| INVOKING Finesse.
 18720 | D:15     | Killed Jorgrun
 18958 | D:15     | Found a hazy altar of Hepliaklqana.
 18988 | D:15     | 18988 ||| INVOKING Heroism.
 19008 | D:15     | Found a faded altar of an unknown god.
 19154 | D:15     | 19154 ||| PLANNING ORC
 19154 | D:15     | 19154 ||| UPGRADING to +0 tower shield of reflection.
 19164 | D:15     | 19164 ||| DROPPING +0 tower shield.
 19165 | D:15     | 19165 ||| UPGRADING to amulet of regeneration.
 19170 | D:15     | 19170 ||| DROPPING +4 ring of protection.
 19171 | D:15     | 19171 ||| READING scroll labelled ZIPOFALINU.
 19336 | Orc:1    | Entered Level 1 of the Orcish Mines
 19349 | Orc:1    | 19349 ||| INVOKING Heroism.
 19357 | Orc:1    | 19357 ||| Stepping ~*~*~tactically~*~*~ (outnumbered).
 19358 | Orc:1    | 19358 ||| Stepping ~*~*~tactically~*~*~ (outnumbered).
 19361 | Orc:1    | 19361 ||| Stepping ~*~*~tactically~*~*~ (outnumbered).
 19362 | Orc:1    | 19362 ||| Stepping ~*~*~tactically~*~*~ (outnumbered).
 19363 | Orc:1    | 19363 ||| Stepping ~*~*~tactically~*~*~ (outnumbered).
 19364 | Orc:1    | 19364 ||| Stepping ~*~*~tactically~*~*~ (outnumbered).
 19365 | Orc:1    | 19365 ||| Stepping ~*~*~tactically~*~*~ (outnumbered).
 19366 | Orc:1    | 19366 ||| Stepping ~*~*~tactically~*~*~ (outnumbered).
 19367 | Orc:1    | 19367 ||| Stepping ~*~*~tactically~*~*~ (outnumbered).
 19368 | Orc:1    | 19368 ||| Stepping ~*~*~tactically~*~*~ (outnumbered).
 19656 | Orc:1    | 19656 ||| Stepping ~*~*~tactically~*~*~ (hiding).
 19663 | Orc:1    | 19663 ||| Stepping ~*~*~tactically~*~*~ (stealth).
 19668 | Orc:1    | 19668 ||| Stepping ~*~*~tactically~*~*~ (hiding).
 19669 | Orc:1    | 19669 ||| Stepping ~*~*~tactically~*~*~ (hiding).
 19686 | Orc:1    | 19686 ||| Stepping ~*~*~tactically~*~*~ (hiding).
 19687 | Orc:1    | 19687 ||| Stepping ~*~*~tactically~*~*~ (hiding).
 19726 | Orc:1    | 19726 ||| INVOKING Heroism.
 19727 | Orc:1    | Noticed an orc warlord
 19728 | Orc:1    | 19728 ||| INVOKING Finesse.
 19729 | Orc:1    | 19729 ||| Stepping ~*~*~tactically~*~*~ (outnumbered).
 19730 | Orc:1    | 19730 ||| Stepping ~*~*~tactically~*~*~ (outnumbered).
 19731 | Orc:1    | 19731 ||| Stepping ~*~*~tactically~*~*~ (hiding).
 19732 | Orc:1    | 19732 ||| Stepping ~*~*~tactically~*~*~ (outnumbered).
 19733 | Orc:1    | 19733 ||| Stepping ~*~*~tactically~*~*~ (hiding).
 19742 | Orc:1    | 19742 ||| Stepping ~*~*~tactically~*~*~ (outnumbered).
 19743 | Orc:1    | 19743 ||| Stepping ~*~*~tactically~*~*~ (outnumbered).
 19746 | Orc:1    | 19746 ||| Stepping ~*~*~tactically~*~*~ (hiding).
 19750 | Orc:1    | 19750 ||| Stepping ~*~*~tactically~*~*~ (outnumbered).
 19751 | Orc:1    | 19751 ||| Stepping ~*~*~tactically~*~*~ (hiding).
 19752 | Orc:1    | 19752 ||| Stepping ~*~*~tactically~*~*~ (outnumbered).
 19753 | Orc:1    | 19753 ||| Stepping ~*~*~tactically~*~*~ (outnumbered).
 19755 | Orc:1    | 19755 ||| Stepping ~*~*~tactically~*~*~ (outnumbered).
 19757 | Orc:1    | 19757 ||| Stepping ~*~*~tactically~*~*~ (outnumbered).
 19758 | Orc:1    | 19758 ||| Stepping ~*~*~tactically~*~*~ (outnumbered).
 19759 | Orc:1    | 19759 ||| Stepping ~*~*~tactically~*~*~ (outnumbered).
 19762 | Orc:1    | 19762 ||| INVOKING Heroism.
 19765 | Orc:1    | 19765 ||| Stepping ~*~*~tactically~*~*~ (outnumbered).
 19766 | Orc:1    | 19766 ||| Stepping ~*~*~tactically~*~*~ (outnumbered).
 19767 | Orc:1    | 19767 ||| Stepping ~*~*~tactically~*~*~ (outnumbered).
 19767 | Orc:1    | Noticed an orc warlord
 19768 | Orc:1    | 19768 ||| Stepping ~*~*~tactically~*~*~ (outnumbered).
 19769 | Orc:1    | 19769 ||| Stepping ~*~*~tactically~*~*~ (outnumbered).
 19772 | Orc:1    | 19772 ||| INVOKING Finesse.
 19784 | Orc:1    | Killed an orc warlord
 19784 | Orc:1    | Received a gift from Okawaru
 19795 | Orc:1    | 19795 ||| Stepping ~*~*~tactically~*~*~ (outnumbered).
 19796 | Orc:1    | 19796 ||| INVOKING Heroism.
 19820 | Orc:1    | Killed an orc warlord
 19825 | Orc:1    | 19825 ||| Stepping ~*~*~tactically~*~*~ (outnumbered).
 19829 | Orc:1    | 19829 ||| DRINKING 11 potions of curing.
 19829 | Orc:1    | 19829 ||| (to cure confusion)
 20004 | Orc:1    | Identified the +5 ring mail of an ice cave {rF- Str+2
                  | Slay+3 SInv}
 20105 | Orc:2    | Entered Level 2 of the Orcish Mines
 20135 | Orc:2    | 20135 ||| INVOKING Heroism.
 20138 | Orc:2    | 20138 ||| Stepping ~*~*~tactically~*~*~ (hiding).
 20140 | Orc:2    | 20140 ||| Stepping ~*~*~tactically~*~*~ (outnumbered).
 20160 | Orc:2    | 20160 ||| Stepping ~*~*~tactically~*~*~ (outnumbered).
 20164 | Orc:2    | 20164 ||| INVOKING Heroism.
 20173 | Orc:2    | 20173 ||| Stepping ~*~*~tactically~*~*~ (outnumbered).
 20213 | Orc:2    | Found Hulu's Book Boutique.
 20328 | Orc:2    | 20328 ||| INVOKING Heroism.
 20333 | Orc:2    | 20333 ||| Stepping ~*~*~tactically~*~*~ (outnumbered).
 20334 | Orc:2    | 20334 ||| Stepping ~*~*~tactically~*~*~ (outnumbered).
 20335 | Orc:2    | 20335 ||| Stepping ~*~*~tactically~*~*~ (hiding).
 20393 | Orc:2    | 20393 ||| Stepping ~*~*~tactically~*~*~ (stealth).
 20415 | Orc:2    | Found a frozen archway.
 20584 | Orc:2    | 20584 ||| Stepping ~*~*~tactically~*~*~ (hiding).
 20587 | Orc:2    | 20587 ||| Stepping ~*~*~tactically~*~*~ (hiding).
 20609 | Orc:2    | 20609 ||| Stepping ~*~*~tactically~*~*~ (stealth).
 20611 | Orc:2    | 20611 ||| Stepping ~*~*~tactically~*~*~ (hiding).
 20622 | Orc:2    | 20622 ||| Stepping ~*~*~tactically~*~*~ (stealth).
 20643 | Orc:2    | Found Boott's Magic Scroll Shoppe.
 20648 | Orc:2    | 20648 ||| Stepping ~*~*~tactically~*~*~ (stealth).
 20653 | Orc:2    | Found Ysewant's Magic Scroll Emporium.
 20669 | Orc:2    | 20669 ||| INVOKING Heroism.
 20670 | Orc:2    | 20670 ||| Stepping ~*~*~tactically~*~*~ (hiding).
 20675 | Orc:2    | 20675 ||| Stepping ~*~*~tactically~*~*~ (outnumbered).
 20688 | Orc:2    | Paralysed by an orc sorcerer for 5 turns
 20698 | Orc:2    | 20698 ||| Stepping ~*~*~tactically~*~*~ (outnumbered).
 20699 | Orc:2    | 20699 ||| Stepping ~*~*~tactically~*~*~ (outnumbered).
 20700 | Orc:2    | 20700 ||| Stepping ~*~*~tactically~*~*~ (outnumbered).
 20701 | Orc:2    | 20701 ||| Stepping ~*~*~tactically~*~*~ (outnumbered).
 20702 | Orc:2    | 20702 ||| Stepping ~*~*~tactically~*~*~ (outnumbered).
 20703 | Orc:2    | 20703 ||| INVOKING Heroism.
 20704 | Orc:2    | 20704 ||| Stepping ~*~*~tactically~*~*~ (outnumbered).
 20705 | Orc:2    | 20705 ||| Stepping ~*~*~tactically~*~*~ (outnumbered).
 20728 | Orc:2    | Paralysed by an orc sorcerer for 3 turns
 20731 | Orc:2    | 20731 ||| INVOKING Heroism.
 20739 | Orc:2    | 20739 ||| Stepping ~*~*~tactically~*~*~ (outnumbered).
 20741 | Orc:2    | 20741 ||| Stepping ~*~*~tactically~*~*~ (outnumbered).
 20742 | Orc:2    | 20742 ||| Stepping ~*~*~tactically~*~*~ (outnumbered).
 20746 | Orc:2    | 20746 ||| Stepping ~*~*~tactically~*~*~ (stealth).
 20747 | Orc:2    | 20747 ||| Stepping ~*~*~tactically~*~*~ (outnumbered).
 20748 | Orc:2    | Received a gift from Okawaru
 20750 | Orc:2    | 20750 ||| Stepping ~*~*~tactically~*~*~ (hiding).
 20752 | Orc:2    | 20752 ||| Stepping ~*~*~tactically~*~*~ (outnumbered).
 20877 | Orc:2    | 20877 ||| INVOKING Heroism.
 20880 | Orc:2    | 20880 ||| INVOKING Finesse.
 20960 | Orc:2    | 20960 ||| BUYING scroll of enchant weapon (112 gold).
 20960 | Orc:2    | Bought a scroll of enchant weapon for 112 gold pieces
 20960 | Orc:2    | 20960 ||| BUYING scroll of teleportation (45 gold).
 20960 | Orc:2    | Bought a scroll of teleportation for 45 gold pieces
 20960 | Orc:2    | 20960 ||| BUYING scroll of teleportation (45 gold).
 20960 | Orc:2    | Bought a scroll of teleportation for 45 gold pieces
 20960 | Orc:2    | 20960 ||| BUYING scroll of teleportation (45 gold).
 20960 | Orc:2    | Bought a scroll of teleportation for 45 gold pieces
 20960 | Orc:2    | 20960 ||| BUYING scroll of teleportation (45 gold).
 20960 | Orc:2    | Bought a scroll of teleportation for 45 gold pieces
 20962 | Orc:2    | 20962 ||| BUYING scroll of acquirement (520 gold).
 20962 | Orc:2    | Bought a scroll of acquirement for 520 gold pieces
 20962 | Orc:2    | 20962 ||| BUYING scroll of enchant weapon (75 gold).
 20962 | Orc:2    | Bought a scroll of enchant weapon for 75 gold pieces
 20962 | Orc:2    | 20962 ||| BUYING scroll of enchant weapon (75 gold).
 20962 | Orc:2    | Bought a scroll of enchant weapon for 75 gold pieces
 20962 | Orc:2    | 20962 ||| BUYING scroll of teleportation (30 gold).
 20962 | Orc:2    | Bought a scroll of teleportation for 30 gold pieces
 20962 | Orc:2    | 20962 ||| BUYING scroll of teleportation (30 gold).
 20962 | Orc:2    | Bought a scroll of teleportation for 30 gold pieces
 20962 | Orc:2    | 20962 ||| READING scroll of acquirement.
 20962 | Orc:2    | 20962 ||| ACQUIRING scarf of resistance
 20962 | Orc:2    | Acquired a scarf of resistance
 21045 | Orc:2    | Found a staircase to the Elven Halls.
 21169 | Orc:2    | 21169 ||| Stepping ~*~*~tactically~*~*~ (hiding).
 21201 | Orc:2    | 21201 ||| Stepping ~*~*~tactically~*~*~ (stealth).
 21211 | Orc:2    | 21211 ||| Stepping ~*~*~tactically~*~*~ (hiding).
 21212 | Orc:2    | 21212 ||| INVOKING Heroism.
 21219 | Orc:2    | Reached skill level 9 in Invocations
 21230 | Orc:2    | 21230 ||| Stepping ~*~*~tactically~*~*~ (hiding).
 21231 | Orc:2    | 21231 ||| Stepping ~*~*~tactically~*~*~ (hiding).
 21233 | Orc:2    | 21233 ||| Stepping ~*~*~tactically~*~*~ (hiding).
 21262 | Orc:2    | 21262 ||| Stepping ~*~*~tactically~*~*~ (hiding).
 21266 | Orc:2    | 21266 ||| INVOKING Heroism.
 21281 | Orc:2    | Found Kaf Bent's Book Boutique.
 21281 | Orc:2    | Found Nepsiapur's Antique Armour Shop.
 21282 | Orc:2    | Found a one-way gate leading to the halls of Pandemonium.
 21305 | Orc:2    | 21305 ||| Stepping ~*~*~tactically~*~*~ (stealth).
 21353 | Orc:2    | 21353 ||| PLANNING SHOALS:1-3
 21427 | Orc:1    | 21427 ||| Stepping ~*~*~tactically~*~*~ (stealth).
 21429 | Orc:1    | 21429 ||| Stepping ~*~*~tactically~*~*~ (stealth).
 21524 | Shoals:1 | Entered Level 1 of the Shoals
 21527 | Shoals:1 | 21527 ||| INVOKING Heroism.
 21541 | Shoals:1 | Received a gift from Okawaru
 21563 | Shoals:1 | Identified the -1 hat "Hiazomip" {+Inv rElec} (Okawaru
                  | gifted it to you on level 1 of the Shoals)
 21563 | Shoals:1 | Received a gift from Okawaru
 21653 | Shoals:1 | 21653 ||| INVOKING Heroism.
 21654 | Shoals:1 | 21654 ||| INVOKING Finesse.
 21660 | Shoals:1 | Reached XP level 16. HP: 156/156 MP: 15/22
 21754 | Shoals:1 | 21754 ||| INVOKING Heroism.
 21755 | Shoals:1 | 21755 ||| INVOKING Finesse.
 21949 | Shoals:1 | Reached skill level 12 in Shields
 22028 | Shoals:1 | 22028 ||| Stepping ~*~*~tactically~*~*~ (stealth).
 22152 | Shoals:1 | 22152 ||| DROPPING -1 hat "Hiazomip" {+Inv rElec}.
 22153 | Shoals:1 | 22153 ||| DROPPING +4 ring of evasion.
 22165 | Shoals:2 | 22165 ||| INVOKING Heroism.
 22194 | Shoals:2 | 22194 ||| Stepping ~*~*~tactically~*~*~ (hiding).
 22207 | Shoals:2 | 22207 ||| Stepping ~*~*~tactically~*~*~ (hiding).
 22209 | Shoals:2 | 22209 ||| Stepping ~*~*~tactically~*~*~ (hiding).
 22210 | Shoals:2 | 22210 ||| Stepping ~*~*~tactically~*~*~ (hiding).
 22213 | Shoals:2 | 22213 ||| Stepping ~*~*~tactically~*~*~ (outnumbered).
 22216 | Shoals:2 | 22216 ||| Stepping ~*~*~tactically~*~*~ (outnumbered).
 22217 | Shoals:2 | 22217 ||| Stepping ~*~*~tactically~*~*~ (hiding).
 22217 | Shoals:2 | Noticed Ilsuiw
 22218 | Shoals:2 | 22218 ||| INVOKING Finesse.
 22219 | Shoals:2 | 22219 ||| INVOKING Heroism.
 22220 | Shoals:2 | 22220 ||| Stepping ~*~*~tactically~*~*~ (outnumbered).
 22223 | Shoals:2 | 22223 ||| Stepping ~*~*~tactically~*~*~ (outnumbered).
 22224 | Shoals:2 | 22224 ||| Stepping ~*~*~tactically~*~*~ (outnumbered).
 22230 | Shoals:2 | 22230 ||| Stepping ~*~*~tactically~*~*~ (hiding).
 22231 | Shoals:2 | 22231 ||| Stepping ~*~*~tactically~*~*~ (hiding).
 22232 | Shoals:2 | 22232 ||| Stepping ~*~*~tactically~*~*~ (hiding).
 22233 | Shoals:2 | 22233 ||| Stepping ~*~*~tactically~*~*~ (outnumbered).
 22234 | Shoals:2 | 22234 ||| Stepping ~*~*~tactically~*~*~ (outnumbered).
 22235 | Shoals:2 | 22235 ||| Stepping ~*~*~tactically~*~*~ (hiding).
 22236 | Shoals:2 | 22236 ||| Stepping ~*~*~tactically~*~*~ (outnumbered).
 22247 | Shoals:2 | 22247 ||| Stepping ~*~*~tactically~*~*~ (outnumbered).
 22273 | Shoals:2 | Killed Ilsuiw
 22392 | Shoals:2 | 22392 ||| Stepping ~*~*~tactically~*~*~ (hiding).
 22506 | Shoals:2 | 22506 ||| Stepping ~*~*~tactically~*~*~ (hiding).
 22583 | Shoals:2 | 22583 ||| Stepping ~*~*~tactically~*~*~ (hiding).
 22602 | Shoals:2 | Found Baal's Dragon-Slaying Spoils.
 22611 | Shoals:2 | 22611 ||| SHOPLISTING +4 gold dragon scales of Inny {rPois
                  | rF+ rC+ Will+} (2176 gold, have 1315).
 22611 | Shoals:2 | 22611 ||| SHOPLISTING +9 shadow dragon scales of Magic
                  | {rPois Will+ Stlth++++} (2546 gold, have 1315).
 22742 | Shoals:2 | 22742 ||| Stepping ~*~*~tactically~*~*~ (hiding).
 22743 | Shoals:2 | 22743 ||| Stepping ~*~*~tactically~*~*~ (outnumbered).
 22753 | Shoals:2 | Received a gift from Okawaru
 22814 | Shoals:2 | 22814 ||| DROPPING +6 ring of dexterity.
 22845 | Shoals:3 | 22845 ||| INVOKING Heroism.
 22850 | Shoals:3 | 22850 ||| Stepping ~*~*~tactically~*~*~ (outnumbered).
 22851 | Shoals:3 | 22851 ||| Stepping ~*~*~tactically~*~*~ (outnumbered).
 22852 | Shoals:3 | 22852 ||| Stepping ~*~*~tactically~*~*~ (outnumbered).
 22853 | Shoals:3 | 22853 ||| INVOKING Finesse.
 22854 | Shoals:3 | 22854 ||| Stepping ~*~*~tactically~*~*~ (outnumbered).
 22855 | Shoals:3 | 22855 ||| Stepping ~*~*~tactically~*~*~ (outnumbered).
 22856 | Shoals:3 | 22856 ||| Stepping ~*~*~tactically~*~*~ (outnumbered).
 22975 | Shoals:3 | Noticed Nikola
 22976 | Shoals:3 | 22976 ||| INVOKING Heroism.
 22977 | Shoals:3 | 22977 ||| INVOKING Finesse.
 22987 | Shoals:3 | Killed Nikola
 23116 | Shoals:3 | Noticed Polyphemus
 23117 | Shoals:3 | 23117 ||| INVOKING Heroism.
 23118 | Shoals:3 | 23118 ||| INVOKING Finesse.
 23136 | Shoals:3 | Killed Polyphemus
 23138 | Shoals:3 | 23138 ||| Stepping ~*~*~tactically~*~*~ (cloud).
 23139 | Shoals:3 | 23139 ||| Stepping ~*~*~tactically~*~*~ (cloud).
 23159 | Shoals:3 | 23159 ||| Stepping ~*~*~tactically~*~*~ (cloud).
 23267 | Shoals:3 | 23267 ||| INVOKING Heroism.
 23432 | Shoals:3 | 23432 ||| INVOKING Heroism.
 23433 | Shoals:3 | 23433 ||| INVOKING Finesse.
 23539 | Shoals:3 | 23539 ||| PLANNING SNAKE:1-3
 23659 | Snake:1  | Entered Level 1 of the Snake Pit
 23712 | Snake:1  | 23712 ||| Stepping ~*~*~tactically~*~*~ (hiding).
 23721 | Snake:1  | 23721 ||| INVOKING Heroism.
 23726 | Snake:1  | 23726 ||| Stepping ~*~*~tactically~*~*~ (outnumbered).
 23742 | Snake:1  | Received a gift from Okawaru
 23794 | Snake:1  | 23794 ||| Stepping ~*~*~tactically~*~*~ (hiding).
 23796 | Snake:1  | 23796 ||| INVOKING Heroism.
 23816 | Snake:1  | Reached skill level 15 in Shields
 23816 | Snake:1  | 23816 ||| Stepping ~*~*~tactically~*~*~ (hiding).
 23885 | Snake:1  | 23885 ||| INVOKING Heroism.
 23887 | Snake:1  | 23887 ||| Stepping ~*~*~tactically~*~*~ (outnumbered).
 23888 | Snake:1  | 23888 ||| Stepping ~*~*~tactically~*~*~ (outnumbered).
 23889 | Snake:1  | 23889 ||| Stepping ~*~*~tactically~*~*~ (outnumbered).
 23890 | Snake:1  | 23890 ||| Stepping ~*~*~tactically~*~*~ (outnumbered).
 23891 | Snake:1  | 23891 ||| Stepping ~*~*~tactically~*~*~ (outnumbered).
 23892 | Snake:1  | 23892 ||| Stepping ~*~*~tactically~*~*~ (outnumbered).
 23893 | Snake:1  | 23893 ||| Stepping ~*~*~tactically~*~*~ (outnumbered).
 23894 | Snake:1  | 23894 ||| Stepping ~*~*~tactically~*~*~ (outnumbered).
 23895 | Snake:1  | 23895 ||| Stepping ~*~*~tactically~*~*~ (outnumbered).
 23896 | Snake:1  | 23896 ||| Stepping ~*~*~tactically~*~*~ (outnumbered).
 23897 | Snake:1  | 23897 ||| Stepping ~*~*~tactically~*~*~ (outnumbered).
 23898 | Snake:1  | 23898 ||| Stepping ~*~*~tactically~*~*~ (outnumbered).
 24095 | Snake:1  | 24095 ||| Stepping ~*~*~tactically~*~*~ (hiding).
 24427 | Snake:2  | 24427 ||| INVOKING Heroism.
 24428 | Snake:2  | 24428 ||| Stepping ~*~*~tactically~*~*~ (outnumbered).
 24429 | Snake:2  | 24429 ||| Stepping ~*~*~tactically~*~*~ (outnumbered).
 24430 | Snake:2  | 24430 ||| Stepping ~*~*~tactically~*~*~ (outnumbered).
 24437 | Snake:2  | Reached XP level 17. HP: 162/162 MP: 21/23
 24500 | Snake:2  | 24500 ||| READING scroll of acquirement.
 24500 | Snake:2  | 24500 ||| ACQUIRING 570 gold pieces
 24500 | Snake:2  | Acquired 570 gold pieces
 24503 | Snake:2  | 24503 ||| Stepping ~*~*~tactically~*~*~ (hiding).
 24504 | Snake:2  | 24504 ||| Stepping ~*~*~tactically~*~*~ (hiding).
 24584 | Snake:2  | 24584 ||| Stepping ~*~*~tactically~*~*~ (hiding).
 24604 | Snake:2  | 24604 ||| Stepping ~*~*~tactically~*~*~ (hiding).
 24631 | Snake:2  | 24631 ||| Stepping ~*~*~tactically~*~*~ (hiding).
 24637 | Snake:2  | 24637 ||| INVOKING Heroism.
 24639 | Snake:2  | 24639 ||| Stepping ~*~*~tactically~*~*~ (outnumbered).
 24641 | Snake:2  | 24641 ||| Stepping ~*~*~tactically~*~*~ (outnumbered).
 24643 | Snake:2  | 24643 ||| Stepping ~*~*~tactically~*~*~ (outnumbered).
 24730 | Snake:2  | Identified Roxanne's Secrets of Reformation
 24730 | Snake:2  | Noticed Roxanne
 24731 | Snake:2  | 24731 ||| INVOKING Heroism.
 24732 | Snake:2  | 24732 ||| INVOKING Finesse.
 24747 | Snake:2  | Killed Roxanne
 24747 | Snake:2  | Received a gift from Okawaru
 24860 | Snake:2  | Noticed Asterion
 24861 | Snake:2  | 24861 ||| INVOKING Heroism.
 24862 | Snake:2  | 24862 ||| INVOKING Finesse.
 24876 | Snake:2  | Killed Asterion
 24916 | Snake:2  | 24916 ||| Stepping ~*~*~tactically~*~*~ (stealth).
 24924 | Snake:2  | 24924 ||| Stepping ~*~*~tactically~*~*~ (hiding).
 25156 | Snake:2  | Identified the +2 scale mail of Pride {Fly rCorr Str-2
                  | SInv}
 25197 | Snake:3  | 25197 ||| STAIRDANCE
 25214 | Snake:3  | 25214 ||| Stepping ~*~*~tactically~*~*~ (stealth).
 25302 | Snake:3  | 25302 ||| Stepping ~*~*~tactically~*~*~ (hiding).
 25321 | Snake:3  | 25321 ||| INVOKING Heroism.
 25409 | Snake:3  | 25409 ||| INVOKING Heroism.
 25420 | Snake:3  | Received a gift from Okawaru
 25428 | Snake:3  | 25428 ||| Stepping ~*~*~tactically~*~*~ (hiding).
 25429 | Snake:3  | 25429 ||| Stepping ~*~*~tactically~*~*~ (stealth).
 25435 | Snake:3  | 25435 ||| Stepping ~*~*~tactically~*~*~ (outnumbered).
 25443 | Snake:3  | 25443 ||| Stepping ~*~*~tactically~*~*~ (hiding).
 25445 | Snake:3  | 25445 ||| Stepping ~*~*~tactically~*~*~ (hiding).
 25446 | Snake:3  | 25446 ||| Stepping ~*~*~tactically~*~*~ (hiding).
 25447 | Snake:3  | 25447 ||| Stepping ~*~*~tactically~*~*~ (outnumbered).
 25459 | Snake:3  | Received a gift from Okawaru
 25529 | Snake:3  | 25529 ||| Stepping ~*~*~tactically~*~*~ (hiding).
 25533 | Snake:3  | 25533 ||| Stepping ~*~*~tactically~*~*~ (outnumbered).
 25723 | Snake:3  | 25723 ||| Stepping ~*~*~tactically~*~*~ (hiding).
 25724 | Snake:3  | 25724 ||| Stepping ~*~*~tactically~*~*~ (hiding).
 25731 | Snake:3  | Reached skill level 6 in Armour
 25903 | Snake:3  | 25903 ||| INVOKING Heroism.
 25974 | Snake:3  | 25974 ||| PLANNING SHOALS:4
 26140 | Shoals:4 | Entered Level 4 of the Shoals
 26140 | Shoals:4 | Found Vemy's Weapon Emporium.
 26143 | Shoals:4 | 26143 ||| INVOKING Heroism.
 26227 | Shoals:4 | 26227 ||| INVOKING Heroism.
 26301 | Shoals:4 | 26301 ||| Stepping ~*~*~tactically~*~*~ (hiding).
 26473 | Shoals:4 | 26473 ||| INVOKING Heroism.
 26475 | Shoals:4 | Received a gift from Okawaru
 26476 | Shoals:4 | 26476 ||| Stepping ~*~*~tactically~*~*~ (hiding).
 26479 | Shoals:4 | 26479 ||| Stepping ~*~*~tactically~*~*~ (outnumbered).
 26488 | Shoals:4 | 26488 ||| Stepping ~*~*~tactically~*~*~ (outnumbered).
 26490 | Shoals:4 | 26490 ||| Stepping ~*~*~tactically~*~*~ (outnumbered).
 26493 | Shoals:4 | 26493 ||| Stepping ~*~*~tactically~*~*~ (outnumbered).
 26551 | Shoals:4 | 26551 ||| Stepping ~*~*~tactically~*~*~ (outnumbered).
 26557 | Shoals:4 | 26557 ||| Stepping ~*~*~tactically~*~*~ (outnumbered).
 26558 | Shoals:4 | 26558 ||| Stepping ~*~*~tactically~*~*~ (outnumbered).
 26597 | Shoals:4 | 26597 ||| Stepping ~*~*~tactically~*~*~ (stealth).
 26630 | Shoals:4 | 26630 ||| INVOKING Heroism.
 26646 | Shoals:4 | Received a gift from Okawaru
 26676 | Shoals:4 | 26676 ||| INVOKING Finesse.
 26774 | Shoals:4 | 26774 ||| INVOKING Heroism.
 26810 | Shoals:4 | 26810 ||| INVOKING Heroism.
 26811 | Shoals:4 | 26811 ||| Stepping ~*~*~tactically~*~*~ (outnumbered).
 26812 | Shoals:4 | 26812 ||| Stepping ~*~*~tactically~*~*~ (outnumbered).
 26818 | Shoals:4 | 26818 ||| Stepping ~*~*~tactically~*~*~ (outnumbered).
 26822 | Shoals:4 | Received a gift from Okawaru
 26833 | Shoals:4 | Reached skill level 20 in Unarmed Combat
 26848 | Shoals:4 | 26848 ||| INVOKING Heroism.
 26857 | Shoals:4 | Reached ****** piety under Okawaru
 26873 | Shoals:4 | Got a barnacled rune of Zot
 26950 | Shoals:4 | Noticed Kirke
 26951 | Shoals:4 | 26951 ||| Stepping ~*~*~tactically~*~*~ (outnumbered).
 26952 | Shoals:4 | 26952 ||| INVOKING Heroism.
 26978 | Shoals:4 | HP: 38/162 [manticore[Kirke] (13)]
 26979 | Shoals:4 | 26979 ||| READING 13 scrolls of teleportation.
 26980 | Shoals:4 | 26980 ||| DRINKING 12 potions of heal wounds.
 27078 | Shoals:4 | 27078 ||| Invisible monster not found???
 27271 | Shoals:4 | 27271 ||| PLANNING VAULTS:1-4
 27271 | Shoals:4 | 27271 ||| DROPPING +6 ring of strength.
 27272 | Shoals:4 | 27272 ||| DROPPING 53 boomerangs.
 27273 | Shoals:4 | 27273 ||| DROPPING 5 silver boomerangs.
 27274 | Shoals:4 | 27274 ||| DROPPING 3 boomerangs of dispersal.
 27525 | Vaults:1 | Entered Level 1 of the Vaults
 27535 | Vaults:1 | 27535 ||| Stepping ~*~*~tactically~*~*~ (hiding).
 27541 | Vaults:1 | 27541 ||| INVOKING Heroism.
 27545 | Vaults:1 | Identified the +0 hat of Vegeinef {rPois Str+3 Int-3 SInv}
                  | (Okawaru gifted it to you on level 1 of the Vaults)
 27545 | Vaults:1 | Received a gift from Okawaru
 27546 | Vaults:1 | Reached skill level 9 in Throwing
 27560 | Vaults:1 | Reached XP level 18. HP: 171/171 MP: 24/24
 27812 | Vaults:1 | 27812 ||| Stepping ~*~*~tactically~*~*~ (stealth).
 27818 | Vaults:1 | 27818 ||| Stepping ~*~*~tactically~*~*~ (outnumbered).
 27910 | Vaults:1 | Found Fykyax's Jewellery Shoppe.
 28050 | Vaults:1 | 28050 ||| Stepping ~*~*~tactically~*~*~ (stealth).
 28107 | Vaults:1 | 28107 ||| Stepping ~*~*~tactically~*~*~ (stealth).
 28112 | Vaults:1 | 28112 ||| INVOKING Heroism.
 28117 | Vaults:1 | 28117 ||| Stepping ~*~*~tactically~*~*~ (outnumbered).
 28120 | Vaults:1 | 28120 ||| Stepping ~*~*~tactically~*~*~ (outnumbered).
 28121 | Vaults:1 | 28121 ||| Stepping ~*~*~tactically~*~*~ (outnumbered).
 28123 | Vaults:1 | 28123 ||| Stepping ~*~*~tactically~*~*~ (outnumbered).
 28132 | Vaults:1 | 28132 ||| Stepping ~*~*~tactically~*~*~ (outnumbered).
 28135 | Vaults:1 | 28135 ||| Stepping ~*~*~tactically~*~*~ (outnumbered).
 28136 | Vaults:1 | 28136 ||| Stepping ~*~*~tactically~*~*~ (outnumbered).
 28229 | Vaults:1 | 28229 ||| Stepping ~*~*~tactically~*~*~ (stealth).
 28231 | Vaults:1 | 28231 ||| Stepping ~*~*~tactically~*~*~ (stealth).
 28233 | Vaults:1 | 28233 ||| Stepping ~*~*~tactically~*~*~ (stealth).
 28253 | Vaults:1 | 28253 ||| Stepping ~*~*~tactically~*~*~ (outnumbered).
 28254 | Vaults:1 | 28254 ||| Stepping ~*~*~tactically~*~*~ (outnumbered).
 28255 | Vaults:1 | 28255 ||| Stepping ~*~*~tactically~*~*~ (outnumbered).
 28256 | Vaults:1 | 28256 ||| Stepping ~*~*~tactically~*~*~ (outnumbered).
 28257 | Vaults:1 | 28257 ||| Stepping ~*~*~tactically~*~*~ (outnumbered).
 28258 | Vaults:1 | 28258 ||| Stepping ~*~*~tactically~*~*~ (outnumbered).
 28493 | Vaults:1 | 28493 ||| Stepping ~*~*~tactically~*~*~ (hiding).
 28655 | Vaults:1 | 28655 ||| Stepping ~*~*~tactically~*~*~ (hiding).
 29084 | Vaults:1 | 29084 ||| Stepping ~*~*~tactically~*~*~ (hiding).
 29113 | Vaults:1 | 29113 ||| INVOKING Heroism.
 29114 | Vaults:1 | 29114 ||| Stepping ~*~*~tactically~*~*~ (outnumbered).
 29115 | Vaults:1 | 29115 ||| Stepping ~*~*~tactically~*~*~ (hiding).
 29124 | Vaults:1 | 29124 ||| Stepping ~*~*~tactically~*~*~ (outnumbered).
 29126 | Vaults:1 | Received a gift from Okawaru
 29284 | Vaults:1 | 29284 ||| UPGRADING to +0 hat of Vegeinef {rPois Str+3
                  | Int-3 SInv}.
 29289 | Vaults:1 | 29289 ||| REMOVING ring of poison resistance.
 29290 | Vaults:1 | 29290 ||| UPGRADING to ring of protection from fire.
 29291 | Vaults:1 | 29291 ||| UPGRADING to +4 ring of slaying {mikee}.
 29402 | Vaults:2 | 29402 ||| Stepping ~*~*~tactically~*~*~ (hiding).
 29403 | Vaults:2 | 29403 ||| INVOKING Heroism.
 29408 | Abyss:3  | Cast into level 3 of the Abyss (a wizard)
 29419 | Abyss:3  | 29419 ||| Stepping ~*~*~tactically~*~*~ (hiding).
 29421 | Abyss:3  | 29421 ||| Stepping ~*~*~tactically~*~*~ (hiding).
 29487 | Vaults:2 | Escaped the Abyss
 29488 | Vaults:2 | 29488 ||| INVOKING Heroism.
 29499 | Vaults:2 | 29499 ||| Stepping ~*~*~tactically~*~*~ (outnumbered).
 29508 | Vaults:2 | Reached skill level 21 in Unarmed Combat
 29511 | Vaults:2 | 29511 ||| Stepping ~*~*~tactically~*~*~ (outnumbered).
 29740 | Vaults:2 | 29740 ||| FLEEEEING.
 29742 | Vaults:2 | 29742 ||| FLEEEEING.
 29743 | Vaults:2 | 29743 ||| FLEEEEING.
 29744 | Vaults:2 | 29744 ||| FLEEEEING.
 29745 | Vaults:2 | 29745 ||| FLEEEEING.
 29746 | Vaults:2 | 29746 ||| FLEEEEING.
 29747 | Vaults:2 | 29747 ||| FLEEEEING.
 29748 | Vaults:2 | 29748 ||| FLEEEEING.
 29749 | Vaults:2 | 29749 ||| FLEEEEING.
 29750 | Vaults:2 | 29750 ||| FLEEEEING.
 29751 | Vaults:2 | 29751 ||| FLEEEEING.
 29752 | Vaults:2 | 29752 ||| FLEEEEING.
 29753 | Vaults:2 | 29753 ||| FLEEEEING.
 29755 | Vaults:2 | 29755 ||| FLEEEEING.
 29756 | Vaults:2 | 29756 ||| FLEEEEING.
 29757 | Vaults:2 | 29757 ||| FLEEEEING.
 29758 | Vaults:2 | 29758 ||| FLEEEEING.
 29759 | Vaults:2 | 29759 ||| FLEEEEING.
 29760 | Vaults:2 | 29760 ||| FLEEEEING.
 29763 | Vaults:2 | 29763 ||| FLEEEEING.
 29764 | Vaults:2 | 29764 ||| STAIRDANCE
 29868 | Vaults:2 | 29868 ||| STAIRDANCE
 29875 | Vaults:2 | 29875 ||| STAIRDANCE
 29882 | Vaults:2 | 29882 ||| STAIRDANCE
 29892 | Vaults:2 | 29892 ||| STAIRDANCE
 30001 | Vaults:2 | 30001 ||| STAIRDANCE
 30011 | Vaults:2 | 30011 ||| STAIRDANCE
 30117 | Vaults:2 | 30117 ||| STAIRDANCE
 30224 | Vaults:2 | 30224 ||| INVOKING Heroism.
 30232 | Vaults:2 | 30232 ||| Stepping ~*~*~tactically~*~*~ (outnumbered).
 30233 | Vaults:2 | 30233 ||| Stepping ~*~*~tactically~*~*~ (outnumbered).
 30488 | Vaults:2 | 30488 ||| INVOKING Heroism.
 30501 | Vaults:2 | 30501 ||| Stepping ~*~*~tactically~*~*~ (outnumbered).
 30540 | Vaults:2 | 30540 ||| Stepping ~*~*~tactically~*~*~ (stealth).
 30595 | Vaults:2 | 30595 ||| Stepping ~*~*~tactically~*~*~ (hiding).
 30598 | Vaults:2 | 30598 ||| DRINKING 14 potions of curing.
 30598 | Vaults:2 | 30598 ||| (to cure confusion)
 30599 | Vaults:2 | Identified the +1 hat of Leacrol {Harm +Blink rC- SInv}
                  | (Okawaru gifted it to you on level 2 of the Vaults)
 30599 | Vaults:2 | Received a gift from Okawaru
 30600 | Vaults:2 | 30600 ||| Stepping ~*~*~tactically~*~*~ (hiding).
 30612 | Vaults:2 | 30612 ||| FLEEEEING.
 30613 | Vaults:2 | 30613 ||| FLEEEEING.
 30616 | Vaults:2 | 30616 ||| FLEEEEING.
 30617 | Vaults:2 | 30617 ||| FLEEEEING.
 30618 | Vaults:2 | 30618 ||| FLEEEEING.
 30619 | Vaults:2 | 30619 ||| FLEEEEING.
 30620 | Vaults:2 | 30620 ||| FLEEEEING.
 30621 | Vaults:2 | 30621 ||| FLEEEEING.
 30625 | Vaults:2 | 30625 ||| FLEEEEING.
 30626 | Vaults:2 | 30626 ||| FLEEEEING.
 30627 | Vaults:2 | 30627 ||| FLEEEEING.
 30628 | Vaults:2 | 30628 ||| FLEEEEING.
 30629 | Vaults:2 | 30629 ||| FLEEEEING.
 30635 | Vaults:2 | 30635 ||| FLEEEEING.
 30636 | Vaults:2 | 30636 ||| FLEEEEING.
 30637 | Vaults:2 | 30637 ||| FLEEEEING.
 30638 | Vaults:2 | 30638 ||| FLEEEEING.
 30639 | Vaults:2 | 30639 ||| FLEEEEING.
 30640 | Vaults:2 | 30640 ||| FLEEEEING.
 30641 | Vaults:2 | 30641 ||| FLEEEEING.
 30642 | Vaults:2 | 30642 ||| FLEEEEING.
 30644 | Vaults:2 | 30644 ||| FLEEEEING.
 30645 | Vaults:2 | 30645 ||| FLEEEEING.
 30646 | Vaults:2 | 30646 ||| FLEEEEING.
 30647 | Vaults:2 | 30647 ||| FLEEEEING.
 30648 | Vaults:2 | 30648 ||| FLEEEEING.
 30649 | Vaults:2 | 30649 ||| FLEEEEING.
 30650 | Vaults:2 | 30650 ||| FLEEEEING.
 30651 | Vaults:2 | 30651 ||| FLEEEEING.
 30652 | Vaults:2 | 30652 ||| FLEEEEING.
 30653 | Vaults:2 | 30653 ||| FLEEEEING.
 30654 | Vaults:2 | 30654 ||| FLEEEEING.
 30655 | Vaults:2 | 30655 ||| FLEEEEING.
 30656 | Vaults:2 | 30656 ||| FLEEEEING.
 30657 | Vaults:2 | 30657 ||| FLEEEEING.
 30658 | Vaults:2 | 30658 ||| FLEEEEING.
 30664 | Vaults:2 | 30664 ||| FLEEEEING.
 30665 | Vaults:2 | 30665 ||| FLEEEEING.
 30666 | Vaults:2 | 30666 ||| FLEEEEING.
 30667 | Vaults:2 | 30667 ||| FLEEEEING.
 30668 | Vaults:2 | 30668 ||| FLEEEEING.
 30669 | Vaults:2 | 30669 ||| FLEEEEING.
 30670 | Vaults:2 | 30670 ||| FLEEEEING.
 30671 | Vaults:2 | 30671 ||| FLEEEEING.
 30672 | Vaults:2 | 30672 ||| FLEEEEING.
 30673 | Vaults:2 | 30673 ||| FLEEEEING.
 30674 | Vaults:2 | 30674 ||| FLEEEEING.
 30675 | Vaults:2 | 30675 ||| FLEEEEING.
 30676 | Vaults:2 | 30676 ||| FLEEEEING.
 30677 | Vaults:2 | 30677 ||| FLEEEEING.
 30678 | Vaults:2 | 30678 ||| FLEEEEING.
 30679 | Vaults:2 | 30679 ||| FLEEEEING.
 30687 | Vaults:2 | 30687 ||| FLEEEEING.
 30690 | Vaults:2 | 30690 ||| FLEEEEING.
 30691 | Vaults:2 | 30691 ||| STAIRDANCE
 30798 | Vaults:2 | 30798 ||| STAIRDANCE
 31022 | Vaults:2 | 31022 ||| FLEEEEING.
 31024 | Vaults:2 | 31024 ||| FLEEEEING.
 31025 | Vaults:2 | 31025 ||| FLEEEEING.
 31026 | Vaults:2 | 31026 ||| FLEEEEING.
 31027 | Vaults:2 | 31027 ||| FLEEEEING.
 31028 | Vaults:2 | 31028 ||| FLEEEEING.
 31029 | Vaults:2 | 31029 ||| FLEEEEING.
 31030 | Vaults:2 | 31030 ||| FLEEEEING.
 31037 | Vaults:2 | 31037 ||| FLEEEEING.
 31045 | Vaults:2 | 31045 ||| FLEEEEING.
 31046 | Vaults:2 | 31046 ||| FLEEEEING.
 31047 | Vaults:2 | 31047 ||| FLEEEEING.
 31048 | Vaults:2 | 31048 ||| FLEEEEING.
 31049 | Vaults:2 | 31049 ||| FLEEEEING.
 31050 | Vaults:2 | 31050 ||| FLEEEEING.
 31051 | Vaults:2 | 31051 ||| FLEEEEING.
 31052 | Vaults:2 | 31052 ||| FLEEEEING.
 31053 | Vaults:2 | 31053 ||| FLEEEEING.
 31054 | Vaults:2 | 31054 ||| FLEEEEING.
 31055 | Vaults:2 | 31055 ||| FLEEEEING.
 31056 | Vaults:2 | 31056 ||| INVOKING Heroism.
 31340 | Vaults:2 | 31340 ||| DRINKING 13 potions of curing.
 31340 | Vaults:2 | 31340 ||| (to cure confusion)
 31342 | Vaults:2 | 31342 ||| INVOKING Heroism.
 31343 | Vaults:2 | 31343 ||| INVOKING Finesse.
 32101 | Vaults:2 | 32101 ||| DROPPING +1 hat of Leacrol {Harm +Blink rC-
                  | SInv}.
 32139 | Vaults:3 | 32139 ||| PLANNING DESOLATION
 32143 | Vaults:3 | 32143 ||| INVOKING Heroism.
 32146 | Vaults:3 | 32146 ||| INVOKING Finesse.
 32166 | Vaults:3 | Paralysed by a great orb of eyes for 5 turns
 32177 | Vaults:3 | Reached skill level 18 in Shields
 32324 | Vaults:3 | 32324 ||| FLEEEEING.
 32325 | Vaults:3 | 32325 ||| FLEEEEING.
 32326 | Vaults:3 | 32326 ||| Stepping ~*~*~tactically~*~*~ (hiding).
 32329 | Vaults:3 | 32329 ||| INVOKING Heroism.
 32334 | Vaults:3 | 32334 ||| INVOKING Finesse.
 32337 | Vaults:3 | 32337 ||| Stepping ~*~*~tactically~*~*~ (outnumbered).
 32338 | Vaults:3 | 32338 ||| DRINKING 12 potions of curing.
 32338 | Vaults:3 | 32338 ||| (to cure confusion)
 32358 | Vaults:3 | 32358 ||| Stepping ~*~*~tactically~*~*~ (outnumbered).
 32362 | Vaults:3 | 32362 ||| Stepping ~*~*~tactically~*~*~ (outnumbered).
 32363 | Vaults:3 | 32363 ||| Stepping ~*~*~tactically~*~*~ (outnumbered).
 32364 | Vaults:3 | 32364 ||| Stepping ~*~*~tactically~*~*~ (outnumbered).
 32365 | Vaults:3 | 32365 ||| Stepping ~*~*~tactically~*~*~ (outnumbered).
 32366 | Vaults:3 | 32366 ||| Stepping ~*~*~tactically~*~*~ (outnumbered).
 32369 | Vaults:3 | 32369 ||| Stepping ~*~*~tactically~*~*~ (outnumbered).
 32370 | Vaults:3 | 32370 ||| Stepping ~*~*~tactically~*~*~ (outnumbered).
 32371 | Vaults:3 | 32371 ||| Stepping ~*~*~tactically~*~*~ (outnumbered).
 32372 | Vaults:3 | 32372 ||| Stepping ~*~*~tactically~*~*~ (outnumbered).
 32373 | Vaults:3 | 32373 ||| Stepping ~*~*~tactically~*~*~ (outnumbered).
 32374 | Vaults:3 | 32374 ||| Stepping ~*~*~tactically~*~*~ (outnumbered).
 32375 | Vaults:3 | 32375 ||| Stepping ~*~*~tactically~*~*~ (outnumbered).
 32388 | Vaults:3 | Reached XP level 19. HP: 110/182 MP: 23/25
 32412 | Vaults:3 | 32412 ||| FLEEEEING.
 32434 | Vaults:3 | 32434 ||| INVOKING Heroism.
 32451 | Vaults:3 | 32451 ||| Stepping ~*~*~tactically~*~*~ (outnumbered).
 32550 | Vaults:3 | 32550 ||| INVOKING Finesse.
 32588 | Vaults:3 | 32588 ||| Stepping ~*~*~tactically~*~*~ (hiding).
 32588 | Vaults:3 | Found a crumbling gateway.
 32612 | Desolati | Entered the Desolation of Salt
 32641 | Desolati | 32641 ||| INVOKING Heroism.
 32649 | Desolati | 32649 ||| Stepping ~*~*~tactically~*~*~ (outnumbered).
 32650 | Desolati | 32650 ||| Stepping ~*~*~tactically~*~*~ (outnumbered).
 32651 | Desolati | 32651 ||| Stepping ~*~*~tactically~*~*~ (outnumbered).
 32652 | Desolati | 32652 ||| Stepping ~*~*~tactically~*~*~ (outnumbered).
 32656 | Desolati | 32656 ||| Stepping ~*~*~tactically~*~*~ (outnumbered).
 32657 | Desolati | 32657 ||| Stepping ~*~*~tactically~*~*~ (outnumbered).
 32658 | Desolati | 32658 ||| Stepping ~*~*~tactically~*~*~ (outnumbered).
 32660 | Desolati | 32660 ||| Stepping ~*~*~tactically~*~*~ (outnumbered).
 32661 | Desolati | 32661 ||| Stepping ~*~*~tactically~*~*~ (outnumbered).
 32662 | Desolati | 32662 ||| Stepping ~*~*~tactically~*~*~ (outnumbered).
 32663 | Desolati | 32663 ||| Stepping ~*~*~tactically~*~*~ (outnumbered).
 32664 | Desolati | 32664 ||| Stepping ~*~*~tactically~*~*~ (outnumbered).
 32669 | Desolati | 32669 ||| Stepping ~*~*~tactically~*~*~ (outnumbered).
 32670 | Desolati | 32670 ||| Stepping ~*~*~tactically~*~*~ (outnumbered).
 32671 | Desolati | 32671 ||| Stepping ~*~*~tactically~*~*~ (outnumbered).
 32672 | Desolati | 32672 ||| Stepping ~*~*~tactically~*~*~ (outnumbered).
 32675 | Desolati | HP: 33/182 [saltling (14)]
 32676 | Desolati | 32676 ||| READING 13 scrolls of teleportation.
 32676 | Desolati | HP: 14/182 [saltling (21)]
 32676 | Desolati | Slain by a saltling

Levels and vault maps discovered:
D:1:      spicycebolla_green_bress_n_ham, layout_loops_ring, serial_shops,
          nicolae_shop_temple_entry_statues_fountains, minmay_tromino_mix6
D:2:      layout_basic, hangedman_decor_points, minivault_25,
          nicolae_concentric_dashed_squares_mild, hangedman_decor_push
D:3:      layout_basic, minmay_goblin_outpost
D:4:      layout_cave_pools, kiku_gazebo_pond_becter,
          nicolae_uskayaw_murder_on_the_dancefloor
D:5:      layout_loops_cross, mainiacjoe_overflow_alcove_2,
          minmay_temple_entry_purple_smoke, uniq_pikel
D:6:      layout_cave_pools, kennysheep_mini_moat,
          chequers_temple_overflow_statue_of_worship, serial_shops,
          nicolae_shop_bloodbath_and_beyond, shop, nicolae_diamond_shop, shop,
          nicolae_lakefront_shop
D:7:      layout_basic, general_overflow_altar, serial_shops,
          nicolae_stop_n_shop_1, dreamdust_princess_corridor,
          minmay_misc_feat_enclosed, minivault_26, st_stairs_8
D:8:      layout_basic, chequers_temple_overflow_minitemple,
          grunt_temple_overflow_cloverleaf, minivault_23,
          amcnicky_mini_rare_corridor_liquid
D:9:      layout_basic, nemelex_xobeh_ov_fountains_minmay, serial_demonic,
          serial_demonic_g, serial_demonic_e, serial_demonic_c,
          serial_demonic_a, dreamdust_princess_bridge,
          kennysheep_generic_room_11, uniq_harold
D:10:     layout_cave_pools, mainiacjoe_overflow_small_starburst,
          grunt_lair_entry_orc_guard_hut, zombieorc2_lemuel, uniq_nergalle
D:11:     layout_basic, serial_ice, serial_ice_k, serial_ice_o, serial_ice_d,
          serial_ice_a, serial_ice_h, serial_ice_m, serial_ice_n, serial_ice_e,
          st_stairs_2, minmay_fractal_squares_diagonal_5
D:12:     layout_big_octagon, serial_glass, glass_columns_b, glass_columns_c
D:13:     layout_cave_pools, grunt_vaults_entry_tiered, hangedman_fish_farm
D:14:     layout_basic, serial_shops, nicolae_shop_statue_plus, jiyva_altar_1
D:15:     gammafunk_depths_entry_grave, layout_long_grid,
          minmay_misc_feat_roman, beargit_hepliaklqana_dungeon_heroes,
          uniq_azrael, uniq_jorgrun
Lair:1:   layout_layer_cave
Lair:2:   layout_regular_city, disabler_island
Lair:3:   layout_chaotic_city, elwin_shoals_entry_rocks,
          minmay_snake_entry_guardpost_small, grunt_megastairs_5,
          infiniplex_staircase_pool_2
Lair:4:   regret_index_tunnel_blossom, layout_gridlike,
          gammafunk_ghost_wrathful_warriors, serial_bayou_shore_b
Lair:5:   grunt_lair_end_beastmaster, layout_cave_shapes,
          dpeg_slime_entry_corner, serial_bayou_shore_b
Shoals:1: layout_shoals, nicolae_shoals_loop_pool
Shoals:2: cheibrodos_shoals_satyrical_garden, layout_shoals,
          nicolae_shop_dragon_depot, uniq_ilsuiw
Shoals:3: layout_shoals, uniq_polyphemus, uniq_nikola
Shoals:4: shoals_end_simple, layout_shoals, serial_shops, nicolae_shop_stone,
          uniq_kirke
Snake:1:  layout_gridlike
Snake:2:  layout_misc_corridors, uniq_asterion, uniq_roxanne
Snake:3:  nicolae_snakescales, layout_misc_corridors
Orc:1:    layout_caves, minmay_orc_treasury
Orc:2:    pf_orc_diabolical, layout_diamond_mine, serial_shops,
          nicolae_shop_behind_doors, portal_ice_cave_entry_pillars_2
Vaults:1: v_misc_3, vaults_standard_mumra_x, v_misc_17,
          nicolae_vaults_disjoint_gnomons, nicolae_vaults_yaktaur_gun_rack,
          nicolae_vaults_asterisk, vaults_dpeg_ring, v_misc_10,
          vaults_room_guarded_vault, v_alt_pattern_3,
          vaults_room_stairs_pillars, nicolae_vaults_network_quincunx
          [nicolae_vaults_network_quincunx_subvault,
          nicolae_vaults_network_quincunx_subvault,
          nicolae_vaults_network_quincunx_subvault,
          nicolae_vaults_network_quincunx_subvault,
          nicolae_vaults_network_quincunx_subvault], v_alt_pattern_3,
          nicolae_vaults_theta, grunt_vaults_hallway_long,
          ontoclasm_vaults_ring_square, nicolae_vaults_little_squares_5,
          layout_vaults_maze_bifur, serial_shops, shop
Vaults:2: vaults_dpeg_hooks, ontoclasm_vaults_decontamination,
          nicolae_vaults_alarming, hangedman_vaults_maws, v_misc_29, v_misc_14,
          nicolae_vaults_what_the_h, grunt_vaults_hallway_short,
          nicolae_vaults_little_ls, nicolae_vaults_asterisk,
          layout_vaults_chaotic_city
Vaults:3: portal_desolation_entry_nicolae_slug, nicolae_vaults_three_branches,
          vaults_room_grunt_arrival_ludios, minmay_crypt_entry_nasty_monster,
          vaults_standard_mumra_lines, vaults_room_fours, vaults_mumra_hexcomb,
          v_pattern_2, nicolae_vaults_little_squares_1,
          nicolae_vaults_angled_halls, layout_vaults_ring
Desolation

Skill      XL: |  1  2  3  4  5  6  7  8  9 10 11 12 13 14 15 16 17 18 |
---------------+-------------------------------------------------------+-----
Unarmed Combat | 4 5 6 7 8 9 12 14 16 18 19 20 21 | 21.6
Throwing       | 1 4 5 6 7 9 |  9.0
Fighting       | 5 6 7 8 9 10 | 10.1
Dodging        | 1 2 3 4 5 |  5.0
Armour         | 1 3 4 5 6 7 |  7.0
Invocations    | 5 9 10 | 10.0
Shields        | 8 11 15 17 18 | 18.0
Spellcasting   | |  1.0
Fire Magic     | |  2.1

Action                   |  1- 3 |  4- 6 |  7- 9 | 10-12 | 13-15 | 16-18 | 19-21 || total
-------------------------+-------+-------+-------+-------+-------+-------+-------++-------
Melee: Unarmed           |   113 |   117 |   147 |   454 |  1112 |  1365 |    89 ||  3397
       Punch             |       |     4 |     6 |    32 |    38 |       |       ||    80
Throw: Javelin           |    19 |    35 |    12 |    69 |    83 |       |       ||   218
       Large rock        |       |       |    28 |    56 |    85 |    76 |    16 ||   261
       Boomerang         |       |       |       |       |     8 |       |       ||     8
Invok: Fiery Armour      |       |     1 |     1 |     7 |     3 |       |       ||    12
       Heroism           |       |       |       |       |    35 |    37 |     2 ||    74
       Finesse           |       |       |       |       |     6 |    12 |     1 ||    19
  Use: Scroll            |     6 |     7 |    10 |     5 |     6 |     2 |     1 ||    37
       Potion            |     1 |     1 |     1 |     1 |     5 |     4 |       ||    13
 Stab: Invisible         |       |       |     3 |    11 |    20 |    22 |       ||    56
       Petrified         |       |       |       |       |       |     4 |       ||     4
Armor: Robe              |    34 |    65 |    55 |   129 |    51 |       |       ||   334
       Pearl dragon scal |       |       |       |       |   280 |   232 |    17 ||   529
Dodge: Dodged            |    48 |    75 |    92 |   292 |   721 |   511 |    28 ||  1767
Block: Tower shield      |       |       |       |       |   591 |  1018 |    72 ||  1681
       Reflection        |       |       |       |       |    26 |   109 |       ||   135

Table legend:
 A = Non-vault XP
 B = Vault XP
 C = Vault XP percentage of total XP
 D = Non-vault monster count
 E = Vault monster count
 F = Vault count percentage of total count
                 A         B        C        D         E       F
            +---------+---------+-------+---------+---------+-------
      Total |  222367 |  171311 |  43.5 |     744 |     466 |  38.5
            +---------+---------+-------+---------+---------+-------
        D:1 |      17 |       6 |  26.1 |       9 |       3 |  25.0
        D:2 |      49 |       0 |   0.0 |      18 |       0 |   0.0
        D:3 |     310 |      10 |   3.1 |      29 |       5 |  14.7
        D:4 |     146 |       0 |   0.0 |      13 |       0 |   0.0
        D:5 |     255 |     617 |  70.8 |      14 |       1 |   6.7
        D:6 |    1396 |       0 |   0.0 |      21 |       0 |   0.0
        D:7 |     998 |     155 |  13.4 |      24 |       2 |   7.7
        D:8 |    1846 |       0 |   0.0 |      17 |       0 |   0.0
        D:9 |    1110 |    3422 |  75.5 |      23 |       8 |  25.8
       D:10 |    5321 |    3064 |  36.5 |      40 |      47 |  54.0
       D:11 |    2412 |    4437 |  64.8 |      13 |      24 |  64.9
       D:12 |    6232 |       0 |   0.0 |      21 |       0 |   0.0
       D:13 |    4541 |    7844 |  63.3 |       9 |      26 |  74.3
       D:14 |    2924 |     400 |  12.0 |       7 |       4 |  36.4
       D:15 |    8060 |    9845 |  55.0 |      19 |      17 |  47.2
     Lair:1 |    5475 |       0 |   0.0 |      26 |       0 |   0.0
     Lair:2 |    2747 |     488 |  15.1 |      12 |       6 |  33.3
     Lair:3 |    4113 |    1921 |  31.8 |      15 |      11 |  42.3
     Lair:4 |    4072 |    7416 |  64.6 |      14 |      50 |  78.1
     Lair:5 |    7789 |    9922 |  56.0 |      22 |      20 |  47.6
   Shoals:1 |   21217 |       0 |   0.0 |      39 |       0 |   0.0
   Shoals:2 |    8596 |    7913 |  47.9 |      19 |      12 |  38.7
   Shoals:3 |   11930 |    7164 |  37.5 |      31 |       6 |  16.2
   Shoals:4 |   13432 |   17792 |  57.0 |      30 |      36 |  54.5
    Snake:1 |   13988 |       0 |   0.0 |      31 |       0 |   0.0
    Snake:2 |   12171 |    3219 |  20.9 |      25 |       2 |   7.4
    Snake:3 |   19798 |    3982 |  16.7 |      41 |       7 |  14.6
      Orc:1 |    1901 |    6614 |  77.7 |      22 |      37 |  62.7
      Orc:2 |    1737 |   13763 |  88.8 |      23 |      61 |  72.6
   Vaults:1 |   17795 |   27979 |  61.1 |      29 |      36 |  55.4
   Vaults:2 |   14679 |   12321 |  45.6 |      24 |      17 |  41.5
   Vaults:3 |   14071 |   16091 |  53.3 |      27 |      18 |  40.0
    Abyss:2 |   10300 |       0 |   0.0 |      34 |       0 |   0.0
    Abyss:3 |     939 |       0 |   0.0 |       3 |       0 |   0.0
 Desolation |       0 |    4926 | 100.0 |       0 |      10 | 100.0
            +---------+---------+-------+---------+---------+-------
